 Dungeon Crawl Stone Soup version 0.31-a0-1008-g5b978dac0e (webtiles) character file.

Game seed: 16658032976913742829

1463816 EnegeticOcto the Prestidigitator (level 25, 145/145 HPs)
             Began as a Felid Chaos Knight on Nov 13, 2023.
             Was a Favourite Plaything of Xom.
             Escaped with the Orb
             ... and 3 runes!
             The game lasted 03:22:02 (86694 turns).

EnegeticOcto the Prestidigitator (FeCK)            Turns: 86694, Time: 03:22:02

Health: 145/145    AC: 25    Str:  4    XL:     25   Next: 17%
Magic:  42/42      EV: 43    Int: 21    God:    Xom [.....*]
Gold:   4890       SH:  0    Dex: 38    Spells: 18/53 levels left
                                        Lives:  2   Deaths: 6

rFire   + +          .
                       - Unarmed
rCold   + + .        (shield unavailable)
rNeg    + + .        (body armour unavailable)
rPois   ∞            (helmet unavailable)
rElec   +            (cloak unavailable)
rCorr   .            (gloves unavailable)
SInv    +            (boots unavailable)
Will    ++++.        r - amulet of regeneration
Stlth   +++          W - ring "Suxukoq" {rF++ rC++ rN+}
HPRegen 1.24/turn    y - ring of Suas {+Blink Will+ Dex+6}
MPRegen 0.28/turn

%: no passive effects
@: statue-form, wreathed by umbra, very slow
A: slow and powerful, torment resistance 1, boosted hp, very small, claws 1,
fangs 3, see invisible, (speed 1), (shaggy fur 3), stealthy paws, no weapons or
thrown items, no armour, multi-lived, antennae 1, (iridescent scales 3), agile
2, clever 2, poison resistance, robust 1, inability to drink after injury 1,
MP-powered wands
0: Orb of Zot
}: 3/15 runes: serpentine, barnacled, silver
a: Begin Untransformation, Renounce Religion, Evoke Blink


You escaped.
You worshipped Xom.
You were Xom's teddy bear.
You were a living statue of rough stone.
You visited 10 branches of the dungeon, and saw 50 of its levels.
You visited the Abyss 1 time.
You also visited: Sewer, Ossuary and Bailey.

You collected 8573 gold pieces.
You spent 3683 gold pieces at shops.

Inventory:

Jewellery
 b - the amulet "Muruv" {Reflect Rampage rF+ rCorr Int-5 SH+5}
   (You acquired it on level 8 of the Dungeon)

   [amulet of reflection]

   Reflect:   It reflects blocked missile attacks.
   Int-5:     It affects your intelligence (-5).
   rF+:       It protects you from fire.
   rCorr:     It protects you from acid and corrosion.
   SH+5:      It affects your SH (+5).
   Rampage:   It bestows one free step when moving towards enemies.
 r - an amulet of regeneration (around neck)
   (You took it off a deep elf knight on level 3 of the Elven Halls)
 y - the ring of Suas (right paw) {+Blink Will+ Dex+6}
   (You found it on level 2 of the Vaults)

   [ring of dexterity]

   Dex+6:     It affects your dexterity (+6).
   Will+:     It increases your willpower.
   +Blink:    It lets you blink.
 H - a +4 ring of slaying
   (You found it on level 3 of the Shoals)
 K - the ring "Ameyllot" {Ice Int+2 Dex+5}
   (You took it off Josephina on level 1 of the Crypt)

   [ring of ice]

   Ice:       It enhances your ice magic.
   Int+2:     It affects your intelligence (+2).
   Dex+5:     It affects your dexterity (+5).
   rF-:       It makes you vulnerable to fire.
   rC+:       It protects you from cold.
 P - the ring of Gin and Tonic {rPois rN+ rCorr Str-2}
   (You took it off a deep elf death mage on level 3 of the Elven Halls)

   [ring of positive energy]

   Str-2:     It affects your strength (-2).
   rPois:     It protects you from poison rN+: It protects you from negative
   energy.
   rCorr:     It protects you from acid and corrosion.
 Q - a +5 ring of evasion
   (You found it on level 14 of the Dungeon)
 W - the ring "Suxukoq" (left paw) {rF++ rC++ rN+}
   (Xom gifted it to you on level 4 of the Shoals)

   [ring of positive energy]

   rF++:      It greatly protects you from fire.
   rC++:      It greatly protects you from cold.
   rN+:       It protects you from negative energy.
 X - the ring of Xom's Malicious Joy {Wiz rElec Dex-3 Stlth+}
   (You took it off a deep elf sorcerer on level 3 of the Elven Halls)

   [ring of wizardry]

   Wiz:       It improves your spell success rate.
   Dex-3:     It affects your dexterity (-3).
   rElec:     It insulates you from electricity.
   Stlth+:    It makes you more stealthy.
Talismans
 e - a maw talisman
   (You found it on level 1 of the Dungeon)
 T - the blade talisman of the Robin {Dex+6 Slay+3}
   (You found it on level 3 of the Snake Pit)

   [blade talisman]

   Dex+6:     It affects your dexterity (+6).
   Slay+3:    It affects your accuracy & damage with ranged weapons and melee
   (+3).
 Z - a dragon-blood talisman
   (You bought it in a shop on level 2 of the Orcish Mines)
Wands
 k - a wand of digging (10) {@v3}
   (You found it on level 2 of the Vaults)
 w - a wand of polymorph (43)
   (You took it off Dowan on level 4 of the Dungeon)
 z - a wand of flame (63) {@v4}
   (You took it off Crazy Yiuf on level 5 of the Dungeon)
 L - a wand of acid (23) {@v1}
   (You found it on level 2 of the Lair of Beasts)
 M - a wand of mindburst (18)
   (You found it on level 13 of the Dungeon)
 R - a wand of iceblast (51) {@v2}
   (Xom gifted it to you on level 15 of the Dungeon)
 V - a wand of paralysis (42)
   (You found it on level 4 of the Shoals)
Scrolls
 a - 5 scrolls of butterflies
 c - 13 scrolls of vulnerability
 f - 4 scrolls of revelation {@r5 !r}
 g - 8 scrolls of fear {!r}
 h - 25 scrolls of teleportation {@r3 !r}
 l - 4 scrolls of poison
 p - 5 scrolls of blinking {@r4}
 x - 2 scrolls of silence {!r}
 C - 15 scrolls of amnesia
 F - 5 scrolls of fog {!r}
 G - 3 scrolls of torment
 I - 2 scrolls of immolation
Potions
 d - 11 potions of lignification {@q6}
 j - 5 potions of heal wounds {@q2 !q}
 m - 3 potions of might {@q3 !q}
 n - 14 potions of curing {@q1 !q}
 o - 6 potions of attraction
 q - 2 potions of brilliance
 s - 4 potions of cancellation
 t - 10 potions of mutation
 u - 6 potions of enlightenment
 A - 3 potions of haste {@q4 !q}
 B - 3 potions of magic
 D - 2 potions of resistance
 E - 5 potions of invisibility
 S - 4 potions of ambrosia
 U - a potion of berserk rage
Miscellaneous
 i - a tin of tremorstones (2/2)
   (You found it on level 12 of the Dungeon)
 v - a box of beasts
   (You bought it in a shop on level 1 of the Orcish Mines)
 J - a phantom mirror
   (You found it on level 13 of the Dungeon)
 N - a phial of floods
   (You found it on level 13 of the Dungeon)
 O - a lightning rod (4/4)
   (You found it on level 14 of the Dungeon)


   Skills:
 - Level 14.9 Fighting
 - Level 14.9 Dodging
 - Level 14.9 Stealth
 - Level 14.9 Unarmed Combat
 - Level 14.9 Spellcasting
 - Level 14.9 Conjurations
 - Level 14.9 Translocations
 - Level 14.9 Transmutations
 - Level 14.9 Ice Magic
 + Level 4.4 Air Magic
 - Level 14.0 Earth Magic
 - Level 14.9 Evocations
 - Level 14.9 Shapeshifting


You had 18 spell levels left.
You knew the following spells:

 Your Spells              Type           Power      Damage    Failure   Level
a - Apportation           Tloc           100%       N/A       0%          1
b - Manifold Assault      Tloc           67%        N/A       1%          4
c - Ozocubu's Armour      Ice            67%        N/A       1%          3
d - Lesser Beckoning      Tloc           100%       N/A       0%          2
e - Wereblood             Tmut           67%        N/A       0%          2
f - Petrify               Tmut/Erth      66%        N/A       1%          4
g - Dispersal             Tloc           33%        N/A       1%          6
h - Vhi's Electric Charg  Tloc/Air       100%       N/A       1%          4
p - Passwall              Tmut/Erth      55%        N/A       0%          2
z - Irradiate             Conj/Tmut      33%        3d22      1%          5
Y - Blink                 Tloc           100%       N/A       0%          2

Your spell library contained the following spells:

 Spells                   Type           Power      Damage    Failure   Level
 Freeze                   Ice            100%       1d10      0%          1
 Magic Dart               Conj           100%       1d8       0%          1
 Sandblast                Erth           100%       2d20      0%          1
 Momentum Strike          Conj/Tloc      100%       3d10      0%          2
 Searing Ray              Conj           100%       2d8       0%          2
 Foxfire                  Conj/Fire      100%       2x1d9     1%          1
 Kiss of Death            Conj/Necr      100%       2d13      1%          1
 Shock                    Conj/Air       100%       1d9       1%          1
 Ensorcelled Hibernation  Hex/Ice        92%        N/A       1%          2
 Dazzling Flash           Conj/Hex       92%        N/A       1%          3
 Frozen Ramparts          Ice            100%       1d16      1%          3
 Gell's Gravitas          Tloc           67%        N/A       1%          3
 Hailstorm                Conj/Ice       67%        3d14      1%          3
 Stone Arrow              Conj/Erth      100%       3d13      1%          3
 Teleport Other           Tloc           67%        N/A       1%          3
 Volatile Blastmotes      Fire/Tloc      92%        2d17      1%          3
 Brom's Barrelling Bould  Conj/Erth      66%        2d8       1%          4
 Flame Wave               Conj/Fire      46%        2d12      1%          4
 Fulminant Prism          Conj/Hex       23%        3d12      1%          4
 Iskenderun's Mystic Bla  Conj/Tloc      67%        2d14      1%          4
 Arcjolt                  Conj/Air       27%        1d37      1%          5
 Iskenderun's Battlesphe  Conj           67%        2d12      1%          5
 Lee's Rapid Deconstruct  Erth           32%        3d17*     1%          5
 Bombard                  Conj/Erth      33%        9d6       1%          6
 Leda's Liquefaction      Hex/Erth       22%        N/A       2%          4
 Cigotuvi's Dreadful Rot  Necr/Pois/Air  42%        N/A       3%          2
 Necrotise                Necr           60%        1d7       4%          1
 Slow                     Hex            60%        N/A       4%          1
 Summon Small Mammal      Summ           60%        N/A       4%          1
 Alistair's Intoxication  Tmut/Pois      30%        N/A       4%          5
 Summon Forest            Summ/Tloc      23%        N/A       4%          5
 Yara's Violent Unravell  Hex/Tmut       23%        3d10      4%          5
 Jinxbite                 Hex            30%        N/A       6%          2
 Scorch                   Fire           30%        2d6       6%          2
 Borgnjor's Vile Clutch   Necr/Erth      22%        N/A       6%          5
 Orb of Destruction       Conj           33%        9d10      8%          7
 Ozocubu's Refrigeration  Ice            33%        4d14      8%          7
 Call Canine Familiar     Summ           15%        N/A       12%         3
 Confusing Touch          Hex            15%        N/A       12%         3
 Inner Flame              Hex/Fire       15%        N/A       12%         3
 Sigil of Binding         Hex            15%        N/A       12%         3
 Summon Guardian Golem    Hex/Summ       15%        N/A       12%         3
 Tukima's Dance           Hex            15%        N/A       12%         3
 Vampiric Draining        Necr           15%        2d7       12%         3
 Conjure Ball Lightning   Conj/Air       27%        3x3d8     12%         6
 Summon Lightning Spire   Summ/Air       24%        N/A       16%         4
 Simulacrum               Ice/Necr       23%        N/A       28%         6
 Anguish                  Hex/Necr       7%         N/A       36%         4
 Animate Dead             Necr           15%        N/A       36%         4
 Olgreb's Toxic Radiance  Pois           15%        N/A       36%         4
 Silence                  Hex/Air        12%        N/A       41%         5
 Disjunction              Tloc           33%        N/A       50%         8
 Lehudib's Crystal Spear  Conj/Erth      33%        10d8      56%         8
 Agony                    Necr           15%        N/A       73%         5
 Summon Mana Viper        Hex/Summ       15%        N/A       73%         5
 Spellforged Servitor     Conj/Summ      23%        N/A       83%         7
 Plasma Beam              Fire/Air       12%        2x1d23    94%         6
 Death Channel            Necr           7%         N/A       99%         6
 Summon Cactus Giant      Summ           7%         N/A       99%         6
 Enfeeble                 Hex            7%         N/A       100%        7
 Haunt                    Necr/Summ      7%         N/A       100%        7
 Borgnjor's Revivificati  Necr           7%         N/A       100%        8
 Discord                  Hex            7%         N/A       100%        8
 Ignition                 Fire           7%         3d5       100%        8
 Infestation              Necr           7%         N/A       100%        8
 Maxwell's Capacitive Co  Air            17%        ∞         100%        8
 Polar Vortex             Ice            33%        12d4*     100%        9
 Shatter                  Erth           32%        3d26*     100%        9
 Dimensional Bullseye     Hex/Tloc       Unusable   N/A       N/A         4
 Animate Armour           Summ/Erth      Unusable   N/A       N/A         4
 Sublimation of Blood     Necr           Unusable   N/A       N/A         2

Dungeon Overview and Level Annotations

Branches:
Dungeon (15/15)            Temple (0/1) D:7            Lair (5/5) D:9
 Shoals (4/4) Lair:3        Snake (4/4) Lair:3          Orc (2/2) D:9
    Elf (3/3) Orc:2        Vaults (5/5) D:13          Crypt (3/3) Vaults:2
   Tomb (0/3) Crypt:3      Depths (4/4) D:15            Zot (5/5) Depths:4
  Sewer (visited)         Ossuary (visited)          Bailey (visited)
  Slime: Lair:4-5

Altars:
Ashenzari
Cheibriados
Elyvilon
Fedhas
Gozag
Hepliaklqana
Kikubaaqudgha
Nemelex Xobeh
Okawaru
Ru
Sif Muna
Trog
Vehumet
Wu Jian
Xom
Zin
Jiyva

Shops:
D:3 :   D:6 (   D:8 !   Orc:1 *   Orc:2 *=:=   Elf:1 [   Shoals:3 :
Snake:1 *=   Snake:3 !*:   Snake:4 :   Vaults:3 [   Depths:1 **

Portals:
Hell: Depths:1 Depths:2 Depths:3 Depths:4
Abyss: Depths:3
Pandemonium: Depths:2
Ziggurat: Depths:4

Annotations:
D:10 Fannar
Lair:3 exclusion: lindwurm, Gastronok
Lair:4 exclusion: oklob plant
Lair:5 1 runed translucent door, 1 exclusion
Vaults:1 1 transporter, SlowGraham's ghost, legendary KoMo
Vaults:2 Boris


Innate Abilities, Weirdness & Mutations

You are a living statue of rough stone.
Your actions are slow, but your melee attacks are powerful.
You are resistant to unholy torment.
Your maximum health is increased.
You are immune to poison.
You have sharp claws.
You have razor-sharp teeth.
You have supernaturally acute eyesight. (SInv)
((You cover ground quickly. (Speed+)))
((Your thick and shaggy fur keeps you warm. (AC +3, rC+)))
Your paws help you pounce on unaware monsters.
You are incapable of wielding weapons or throwing items.
You cannot wear armour.
You gain extra lives every three experience levels.
You have a pair of small antennae on your head.
((You are completely covered in iridescent scales. (AC +6)))
You are very agile. (Dex +8, Str/Int -2)
Your mind is very acute. (Int +8, Str/Dex -2)
Your system is resistant to poisons. (rPois)
You are robust. (+10% HP)
You occasionally lose the ability to drink potions when taking damage.
You expend magic power (3 MP) to strengthen your wands.


Message History

Unknown command.
Unknown command.
Casting: Passwall (safe; 0% risk of failure)
Confirm with . or Enter, or press ? or * to list all spells.
Space momentarily warps into an impossible shape!
You barely miss the neqoxec.
Casting: Manifold Assault (safe; 1% risk of failure)
Confirm with . or Enter, or press ? or * to list all spells.
Space momentarily warps into an impossible shape!
You mangle the neqoxec!!
Casting: Manifold Assault (safe; 1% risk of failure)
Confirm with . or Enter, or press ? or * to list all spells.
Space momentarily warps into an impossible shape!
You closely miss the neqoxec.
Casting: Manifold Assault (safe; 1% risk of failure)
Confirm with . or Enter, or press ? or * to list all spells.
Space momentarily warps into an impossible shape!
You mangle the neqoxec!!
You kill the neqoxec!
(D) Dungeon (T) Temple (L) Lair (A) Shoals (P) Snake Pit (O) Orcish Mines (E) Elven Halls (V) Vaults (C) Crypt (W) Tomb (U) Depths (H) Hell (Z) Zot
Where to? (Tab/Enter - D:1 @ (x,y), ? - help)
A ynoxinul comes into view.
Unknown command.
Unknown command.
A Fois and a Hell Sentinel come into view.
The ynoxinul moves out of view.
The Hell Sentinel roars!
Blink to where?
Press: ? - help, Dir - move target
As you read the scroll of blinking {@r4}, it crumbles to dust.
The ynoxinul bellows!
You climb upwards.
There is a stone staircase leading down here.
(D) Dungeon (T) Temple (L) Lair (A) Shoals (P) Snake Pit (O) Orcish Mines (E) Elven Halls (V) Vaults (C) Crypt (W) Tomb (U) Depths (H) Hell (Z) Zot
Where to? (Tab/Enter - D:1 @ (x,y), ? - help)
There is a stone staircase leading up, spattered with blood here.
You climb upwards.
There is a stone staircase leading down here.
An Orb Guardian comes into view.
Unknown command.
Really quaff
m - 4 potions of might {@q3 !q}?
You feel very mighty all of a sudden.
Really quaff
A - 4 potions of haste {@q4 !q}? [Y]es or [N]o only, please.
Really quaff
A - 4 potions of haste {@q4 !q}?
You feel yourself speed up. The Orb Guardian misses you.
You mangle the Orb Guardian!!
The Orb Guardian is moderately wounded.
The Orb Guardian misses you.
You eviscerate the Orb Guardian!!! You bite the Orb Guardian!
The Orb Guardian is severely wounded.
The Orb Guardian hits you!!
You scratch the Orb Guardian but do no damage.
The Orb Guardian is severely wounded.
The Orb Guardian completely misses you.
You closely miss the Orb Guardian.
The Orb Guardian is severely wounded.
The Orb Guardian completely misses you.
You mangle the Orb Guardian!!
You kill the Orb Guardian!
No target in view!
(D) Dungeon (T) Temple (L) Lair (A) Shoals (P) Snake Pit (O) Orcish Mines (E) Elven Halls (V) Vaults (C) Crypt (W) Tomb (U) Depths (H) Hell (Z) Zot
Where to? (Tab/Enter - D:1 @ (x,y), ? - help)
What level of the Dungeon? (default 1, ? - help) Magic restored.
A ynoxinul comes into view.
There is a stone staircase leading up here.
You climb upwards.
There is a stone staircase leading down here.
(D) Dungeon (T) Temple (L) Lair (A) Shoals (P) Snake Pit (O) Orcish Mines (E) Elven Halls (V) Vaults (C) Crypt (W) Tomb (U) Depths (H) Hell (Z) Zot
Where to? (Tab/Enter - D:1, ? - help) HP restored.
Your extra speed is starting to run out.
There is a stone staircase leading up here.
You climb upwards.
There is a stone staircase leading down here.
You see here a +0 dagger.
You feel yourself slow down.
Things that are here:
a stone; a +0 whip of pain You see here a +0 dagger.
You feel a little less mighty now.
A profane servitor comes into view. It is wielding a +3 whip.
There is an open door here.
Blink to where?
Press: ? - help, Dir - move target
As you read the scroll of blinking {@r4}, it crumbles to dust.
You have escaped!

#..#
##..#.##...#
#..#
##.#.(....#
##.#
#)'.....⌠#
###
###......#
#A##..≈#
#.##.≈≈#
#...≈≈≈#
#...≈≈≈#
#..8≈≈⌠#
########


You could see a profane servitor.

Vanquished Creatures
  2 dread liches (Vaults:5)
  An orb of fire (Zot:2)
  Mara (Vaults:4)
  A juggernaut (Depths:1)
  Mennas (Vaults:5)
  Josephina (Crypt:1)
  Frederick (Crypt:2)
  Bai Suzhen (Vaults:5)
  Vashnia (Snake:4)
  7 golden dragons
  Norris (Elf:3)
  A bone dragon (Depths:4)
  2 electric golems (Zot:4)
  4 Orb Guardians
  9 tentacled monstrosities
  3 titans
  4 liches
  Zenata (Crypt:1)
  2 quicksilver dragons (Zot:2)
  A deep elf blademaster (Elf:3)
  2 deep elf master archers (Elf:3)
  2 ancient champions
  Frances (D:14)
  5 sphinxes
  Polyphemus (Shoals:3)
  A tentacled starspawn (Abyss:3)
  Kirke (Elf:1)
  Aizul (Vaults:1)
  7 storm dragons
  4 draconian monks
  2 nagarajas
  5 revenants
  9 tengu reavers
  9 fire giants
  9 frost giants
  8 shadow dragons
  An azure jelly (Zot:3)
  2 iron dragons (Vaults:5)
  2 draconian knights (Zot:2)
  A ghost moth (Crypt:3)
  3 deep elf elementalists
  17 vault wardens
  6 deep elf sorcerers
  A spectral caustic shrike (Crypt:3)
  A spectral juggernaut (Crypt:3)
  4 curse skulls
  19 ironbound preservers
  A draconian stormcaller (Zot:4)
  9 ghouls
  5 draconian shifters (Zot:2)
  13 very ugly things
  2 orc warlords
  12 stone giants
  A quicksilver ooze (Lair:3)
  A draconian annihilator (Zot:2)
  3 war gargoyles
  2 formless jellyfish
  A broodmother (Depths:1)
  8 vampire knights
  A spriggan defender (Depths:4)
  9 deep elf demonologists
  A reaper (Crypt:3)
  A spectral titan (Crypt:3)
  7 ironbound thunderhulks
  2 green draconians
  7 deep elf annihilators
  3 black draconians
  5 white draconians
  7 purple draconians
  4 yellow draconians
  2 red draconians
  5 spark wasps
  8 dire elephants
  Azrael (D:13)
  An ettin (shapeshifter) (Vaults:5)
  7 eidola
  2 merfolk javelineers (Shoals:4)
  10 deep elf death magi
  3 fire dragons
  6 jiangshi
  9 ettins
  3 merfolk impalers
  A spectral golden dragon (Crypt:3)
  An entropy weaver (D:13)
  A green death (Depths:2)
  10 yaktaur captains
  10 deep elf high priests
  2 spectral spriggans (Crypt:3)
  8 great orbs of eyes
  4 hydras
  Erolcha (D:9)
  11 ice dragons
  3 rakshasas
  Harold (Lair:1)
  An Orb Guardian zombie (Crypt:2)
  3 spriggan air magi
  2 salamander tyrants (Snake:4)
  28 vault guards
  3 ogre magi
  A peacekeeper (Vaults:4)
  A hell beast (D:9)
  9 two-headed ogres
  9 ironbound frosthearts
  A spriggan skeleton (Crypt:1)
  6 satyrs
  6 deep troll shamans
  A fenstrider witch skeleton (Crypt:1)
  An alligator snapping turtle (Shoals:3)
  13 centaur warriors
  13 death yaks
  2 tengu warriors
  4 death knights
  3 merfolk aquamancers
  4 deep troll earth magi
  28 dancing weapons
  2 hell hogs (Abyss:3)
  13 anacondas
  3 boulder beetles
  3 merfolk avatars
  14 naga warriors
  An Orb Guardian skeleton (Crypt:2)
  The ghost of stendehmen the Covert, a novice DEHu of Vehumet (D:9)
  10 vampire magi
  A demonic crawler (D:11)
  8 spriggan berserkers
  A spectral naga (Crypt:3)
  19 naga sharpshooters
  2 thrashing horrors (Abyss:3)
  7 orc high priests
  A spectral storm dragon (Crypt:3)
  11 shock serpents
  20 deep elf knights
  9 hell knights
  2 soul eaters
  A wretched star (Abyss:2)
  4 iron trolls
  6 salamander mystics
  5 skysharks
  2 spectral bunyips (Crypt:3)
  16 shadow wraiths
  11 skeletal warriors
  A goliath frog (shapeshifter) (Vaults:5)
  A spectral anaconda (Crypt:3)
  A sixfirhy (Abyss:2)
  A storm dragon skeleton (Crypt:1)
  The ghost of Queen the Ducker, a novice MfIE of Sif Muna (D:7)
  A glowing orange brain (shapeshifter) (Vaults:5)
  6 glowing orange brains
  11 flayed ghosts
  49 deep trolls
  3 bog bodies
  2 spriggan druids (Depths:1)
  9 deep elf archers
  9 sea snakes
  A deep troll (shapeshifter) (Vaults:5)
  2 lindwurms (shapeshifter)
  15 mana vipers
  6 arcanists
  14 orc knights
  7 necromancers
  10 naga ritualists
  An anaconda skeleton (Crypt:3)
  4 lindwurms
  21 harpies
  22 deep elf pyromancers
  4 large abominations
  10 ironbound convokers
  12 phantasmal warriors
  A shadow dragon zombie (Crypt:2)
  5 orc sorcerers (Orc:2)
  26 deep elf zephyrmancers
  8 cyclopes
  17 salamanders
  3 wolf spiders
  A spectral ettin (Crypt:3)
  32 ugly things
  8 fauns
  A shadow dragon skeleton (Crypt:3)
  23 manticores
  An iron dragon skeleton (Crypt:1)
  9 moths of wrath
  A worldbinder (Abyss:2)
  38 black mambas
  14 naga magi
  A water nymph (shapeshifter) (D:11)
  4 guardian serpents
  16 vault sentinels
  35 elephants
  4 water nymphs
  8 merfolk sirens
  2 smoke demons
  A centaur skeleton (Crypt:1)
  A gargoyle (D:11)
  13 cane toads
  A kobold demonologist (D:12)
  3 torpor snails
  An orc skeleton (Crypt:1)
  A red draconian zombie (Crypt:3)
  26 yaktaurs
  3 tengu conjurers
  2 efreet (Abyss:3)
  15 freezing wraiths
  A yellow draconian zombie (Crypt:1)
  7 rime drakes
  A spectral demonspawn (Crypt:3)
  An anaconda simulacrum (Crypt:1)
  6 komodo dragons
  A spectral deep troll (Crypt:3)
  A yaktaur (shapeshifter) (D:15)
  A redback zombie (Crypt:3)
  A queen bee (D:9)
  4 spectral harpies (Crypt:3)
  An ancient zyme (Abyss:2)
  A great orb of eyes zombie (Crypt:2)
  A white draconian skeleton (Crypt:2)
  A death drake zombie (Crypt:3)
  A merfolk (shapeshifter) (Vaults:1)
  24 merfolk
  A black draconian skeleton (Crypt:2)
  A queen bee (shapeshifter) (Lair:5)
  2 ice devils (Lair:2)
  3 meliai (D:13)
  3 polar bears
  10 wind drakes
  3 hellwings
  12 trolls
  A raiju (shapeshifter) (Depths:1)
  9 dream sheep
  A hornet (shapeshifter) (Vaults:5)
  18 blink frogs
  5 raiju
  5 hornets
  7 snapping turtles
  26 slime creatures
  9 flying skulls
  4 air elementals
  A centaur simulacrum (Crypt:3)
  2 culicivoras (shapeshifter)
  4 wyverns
  A slime creature (shapeshifter) (Vaults:5)
  11 wraiths
  2 vampires
  53 yaks
  3 fire bats
  16 water elementals
  2 spriggans
  4 basilisks
  10 fire elementals
  A golden eye (D:13)
  3 steam dragons
  A golden eye (shapeshifter) (Depths:4)
  A minotaur simulacrum (Crypt:1)
  A neqoxec (D:5)
  4 redbacks (Vaults:5)
  2 harpy simulacra (Crypt:1)
  4 vampire mosquitoes (D:15)
  57 nagas
  A warg (Orc:2)
  21 water moccasins
  3 acid dragons
  2 hell hounds (D:13)
  Duvessa (D:4)
  A deep troll skeleton (Crypt:1)
  A faun skeleton (Crypt:3)
  A naga skeleton (Crypt:1)
  A water moccasin (shapeshifter) (Vaults:5)
  A two-headed ogre skeleton (Crypt:3)
  An ice beast (D:7)
  A manticore zombie (Crypt:2)
  A sky beast (D:7)
  40 orc warriors
  22 ogres
  34 wolves
  A boggart (shapeshifter) (Depths:4)
  A hog zombie (Crypt:1)
  A centaur (D:9)
  A black mamba simulacrum (Crypt:3)
  10 boggarts
  2 phantoms
  A yaktaur zombie (Crypt:1)
  5 kobold brigands
  A salamander skeleton (Crypt:1)
  A salamander zombie (Crypt:2)
  8 bullfrogs
  Blork the orc (D:5)
  5 necrophages
  2 gnoll sergeants
  2 naga simulacra
  9 earth elementals
  5 scorpions
  6 small abominations
  Dowan (D:4)
  23 killer bees
  2 electric eels
  A troll skeleton (Crypt:2)
  3 howler monkeys
  3 spectral centaurs
  A wolf skeleton (Crypt:1)
  2 hounds (D:4)
  A jelly (D:3)
  25 orc priests
  Crazy Yiuf (D:5)
  A gnoll bouda (D:9)
  2 iguanas (D:6)
  4 sleepcaps (D:6)
  22 orc wizards
  4 hell rats (Lair:4)
  A deep dwarf zombie (Crypt:1)
  An ice beast zombie (Crypt:3)
  An ogre skeleton (Crypt:1)
  8 mummies (Ossuary)
  2 howler monkey zombies (D:7)
  9 gnolls
  13 adders
  2 river rats (D:5)
  A shadow imp (D:5)
  2 white imps
  2 ufetubi (D:5)
  2 worms
  5 dart slugs
  81 orcs
  9 bats
  14 endoplasms
  12 giant cockroaches
  A gnoll zombie (Ossuary)
  13 goblins
  10 hobgoblins
  3 jackals (D:4)
  14 quokkas
  18 ball pythons
  10 frilled lizards
  A giant cockroach zombie (Crypt:2)
  A goblin skeleton (Crypt:3)
  A goblin zombie (Crypt:1)
  A hobgoblin zombie (Ossuary)
  29 kobolds
  4 kobold zombies (Ossuary)
  2 orc zombies (Ossuary)
  9 rats
2173 creatures vanquished.

Vanquished Creatures (collateral kills)
  A deep elf blademaster (Elf:2)
  Donald (Snake:1)
  Ilsuiw (Shoals:2)
  A fire giant (Vaults:5)
  An ironbound preserver (Vaults:1)
  A vampire knight (Crypt:1)
  A dire elephant (Vaults:1)
  An ettin (Depths:1)
  A merfolk impaler (Shoals:1)
  A deep elf high priest (Elf:3)
  3 vault guards
  A two-headed ogre (Vaults:4)
  2 dancing weapons (Elf:2)
  2 centaur warriors (Vaults:1)
  2 naga warriors (Snake:4)
  3 deep trolls
  An ironbound convoker (Vaults:2)
  A harpy (Shoals:1)
  A faun (Shoals:4)
  A deep elf pyromancer (Elf:2)
  An ugly thing (D:15)
  A vault sentinel (Vaults:5)
  A guardian serpent (Snake:4)
  A snapping turtle (Shoals:1)
  A blink frog (Lair:4)
  A yak (Lair:2)
  A flying skull (Vaults:2)
  A water elemental (Shoals:1)
  Grum (D:9)
  2 nagas (Snake:4)
  A wolf (Lair:2)
39 creatures vanquished.

Vanquished Creatures (others)
  Margery (Crypt:1)
  A tentacled starspawn (Abyss:2)
  A draconian monk (Zot:3)
  A vampire knight (Crypt:1)
  A purple draconian (Zot:2)
  A vault guard (Vaults:5)
  5 dancing weapons
  A naga sharpshooter (Snake:4)
  A deep elf knight (Elf:2)
  A yaktaur (Vaults:3)
  A merfolk (Lair:3)
  3 humans (Elf:1)
  A redback (Vaults:5)
  An orc wizard (Orc:2)
  A howler monkey zombie (D:7)
  2 lurking horrors (Abyss:3)
  5 starspawn tentacles
  18 tentacles (Shoals:3)
46 creatures vanquished.

Grand Total: 2258 creatures vanquished

Notes
Turn   | Place    | Note
-------+----------+-------------------------------------------
     0 | D:1      | EnegeticOcto the Felid Chaos Knight began the quest for the
                  | Orb.
     0 | D:1      | Reached XP level 1. HP: 10/10 MP: 2/2
    68 | D:1      | Reached skill level 1 in Stealth
   109 | D:1      | XOM: potion effect (heal wounds)
   130 | D:1      | Reached skill level 2 in Stealth
   136 | D:1      | You fall into a shaft and drop 1 floor!
   227 | D:1      | Reached XP level 2. HP: 14/14 MP: 3/3
   242 | D:1      | Reached skill level 3 in Stealth
   345 | D:1      | XOM: butterfly on damage
   395 | D:1      | XOM: divination: magic mapping
   453 | D:1      | Reached XP level 3. HP: 16/17 MP: 4/4
   549 | D:1      | Learned a level 2 spell: Blink
   744 | D:1      | Got Oxuoc's Catalogue of Rocky Assaults
  1009 | D:2      | XOM: divination: detect items
  1022 | D:2      | XOM is BORED!
  1022 | D:2      | XOM: 1-stop teleportation journey
  1147 | D:2      | XOM: butterfly on damage
  1253 | D:2      | XOM: 1-stop teleportation journey
  1352 | D:2      | Reached skill level 4 in Dodging
  1397 | D:2      | XOM: noise
  2053 | D:2      | Reached XP level 4. HP: 16/21 MP: 5/5
  2075 | D:2      | Learned a level 2 spell: Searing Ray
  2076 | D:2      | XOM: silly message
  2106 | D:3      | XOM: polymorph adder -> jelly
  2112 | D:3      | Reached skill level 1 in Spellcasting
  2112 | D:3      | Reached skill level 1 in Conjurations
  2217 | D:3      | Found a blossoming altar of Fedhas.
  2274 | D:3      | Found Cesaetuj's Book Boutique.
  2500 | D:3      | Reached XP level 5. HP: 21/24 MP: 1/7
  2534 | D:3      | XOM: silly message
  2649 | D:3      | Reached skill level 5 in Dodging
  2649 | D:3      | Reached skill level 2 in Conjurations
  2737 | D:3      | XOM is BORED!
  2737 | D:3      | XOM: give mutation
  2737 | D:3      | Gained mutation: You do not regenerate when monsters are
                  | visible. [Xom's mischief]
  2863 | D:3      | XOM: scenery: create altars
  2992 | D:4      | Noticed Duvessa
  3073 | D:4      | XOM: summons 4 hostile shadow creatures
  3074 | D:4      | Noticed an ogre
  3532 | D:4      | Found a bloodstained altar of Trog.
  3686 | D:4      | Reached skill level 3 in Conjurations
  3770 | D:4      | XOM: 1-stop teleportation journey
  3779 | D:4      | Noticed Dowan
  3870 | D:4      | XOM: give mutations
  3870 | D:4      | Gained mutation: You are agile. (Dex +4, Str/Int -1) [Xom's
                  | mischief]
  3870 | D:4      | Gained mutation: Your flesh is cold resistant. (rC+) [Xom's
                  | mischief]
  3891 | D:4      | Found a hazy altar of Hepliaklqana.
  3891 | D:4      | Found an ancient bone altar of Kikubaaqudgha.
  3891 | D:4      | Found a sparkling altar of Nemelex Xobeh.
  3903 | D:4      | Found a snail-covered altar of Cheibriados.
  3906 | D:4      | Found a white marble altar of Elyvilon.
  4000 | D:5      | Entered Level 5 of the Dungeon
  4006 | D:5      | Gained mutation: You are covered in thick fur. (AC +2)
                  | [Felid growth]
  4006 | D:5      | Reached XP level 6. HP: 28/28 MP: 3/9
  4058 | D:5      | Noticed Blork the orc
  4067 | D:5      | XOM: divination: detect items
  4077 | D:5      | Reached skill level 2 in Spellcasting
  4176 | D:5      | XOM: enchant monster (bad)
  4221 | D:5      | Found a glowing drain.
  4230 | D:5      | Reached skill level 4 in Conjurations
  4257 | Sewer    | Entered a sewer
  4399 | Sewer    | XOM: enchant monster (bad)
  4534 | Sewer    | XOM: silly message
  4770 | Sewer    | Reached XP level 7. HP: 31/31 MP: 5/11
  5137 | D:4      | Found a shimmering altar of Xom.
  5178 | D:4      | XOM: potion effect (might)
  5197 | D:4      | Killed Duvessa
  5229 | D:4      | Killed Dowan
  5230 | D:4      | Reached skill level 4 in Fighting
  5230 | D:4      | Reached skill level 6 in Dodging
  5291 | D:4      | XOM: noise
  5556 | D:5      | XOM: divination: magic mapping
  5575 | D:5      | XOM is BORED!
  5650 | D:5      | Reached skill level 5 in Conjurations
  5738 | D:5      | Reached skill level 4 in Stealth
  5793 | D:5      | XOM: divination: detect items
  5889 | D:5      | Reached XP level 8. HP: 36/36 MP: 1/12
  6094 | D:5      | XOM: polymorph shadow imp -> white imp
  6115 | D:5      | Reached skill level 5 in Fighting
  6115 | D:5      | Reached skill level 5 in Stealth
  6297 | D:5      | XOM: give mutations
  6297 | D:5      | Gained mutation: You occasionally lose the ability to drink
                  | potions when taking damage. [Xom's mischief]
  6297 | D:5      | Gained mutation: You are frail. (-10% HP) [Xom's mischief]
  6297 | D:5      | Gained mutation: You are dopey. (Int -2) [Xom's mischief]
  6425 | D:5      | XOM is BORED!
  6425 | D:5      | XOM: give mutations
  6425 | D:5      | Gained mutation: You expend magic power (3 MP) to
                  | strengthen your wands. [Xom's mischief]
  6425 | D:5      | Lost mutation: You are agile. (Dex +4, Str/Int -1) [Xom's
                  | mischief]
  6425 | D:5      | Lost mutation: You are dopey. (Int -2) [Xom's mischief]
  6564 | D:6      | Reached skill level 1 in Evocations
  6628 | D:5      | XOM: cloud trail
  6663 | D:6      | XOM: butterfly on damage
  6781 | D:6      | Reached skill level 2 in Evocations
  6792 | D:6      | XOM: give mutations
  6792 | D:6      | Gained mutation: You are strong-willed. (Will+) [Xom's
                  | grace]
  6792 | D:6      | Gained mutation: Your skin changes colour to match your
                  | surroundings (Stealth+). [Xom's grace]
  6792 | D:6      | Gained mutation: You possess an exceptional clarity of
                  | mind. [Xom's grace]
  6821 | D:6      | Found an opulent altar of Gozag.
  6827 | D:6      | Reached skill level 1 in Shapeshifting
  6894 | D:6      | Reached skill level 4 in Unarmed Combat
  6959 | D:5      | XOM: cloud trail
  6987 | D:6      | Found Beehuxta's Weapon Shop.
  6999 | D:6      | XOM: scenery: summon butterflies
  7023 | D:6      | XOM: 7-stop teleportation journey
  7024 | D:6      | XOM: polymorph ogre -> water moccasin
  7191 | D:6      | Reached skill level 2 in Shapeshifting
  7206 | D:6      | Reached skill level 3 in Spellcasting
  7396 | D:6      | XOM: confuse monster(s)
  7602 | D:6      | XOM: enchant monster (good)
  7791 | D:7      | Reached skill level 5 in Unarmed Combat
  7830 | D:7      | XOM: scenery: summon butterflies
  7933 | D:7      | Reached skill level 3 in Shapeshifting
  8052 | D:7      | Found a shimmering blue altar of Sif Muna.
  8053 | D:7      | XOM: silly message
  8217 | D:7      | Reached XP level 9. HP: 36/36 MP: 2/14
  8329 | D:7      | Found a staircase to the Ecumenical Temple.
  8359 | D:7      | XOM: scenery: 1 doors close
  8501 | D:7      | XOM: 3-stop teleportation journey
  8536 | D:7      | Reached skill level 7 in Dodging
  8536 | D:7      | Reached skill level 4 in Shapeshifting
  8562 | D:7      | XOM: 3-stop teleportation journey
  8943 | D:7      | Found a runed translucent gate.
  8943 | D:7      | Found a runed translucent gate.
  8943 | D:7      | Found a runed translucent gate.
  8946 | D:7      | Noticed Queen's ghost (novice MfIE)
  9054 | D:8      | Found a sand-covered staircase.
  9059 | Ossuary  | Entered an ossuary
  9079 | Ossuary  | XOM: give mutations
  9079 | Ossuary  | Gained mutation: Your mind is acute. (Int +4, Str/Dex -1)
                  | [Xom's grace]
  9079 | Ossuary  | Gained mutation: Your flesh is heat resistant. (rF+) [Xom's
                  | grace]
  9079 | Ossuary  | Gained mutation: Your spells are a little harder to cast,
                  | but a little more powerful. [Xom's grace]
  9165 | Ossuary  | XOM: divination: magic mapping
  9181 | Ossuary  | XOM: silly message
  9354 | Ossuary  | Reached skill level 6 in Fighting
  9550 | Ossuary  | Lost mutation: You possess an exceptional clarity of mind.
                  | [potion of mutation]
  9550 | Ossuary  | Lost mutation: You are strong-willed. (Will+) [potion of
                  | mutation]
  9550 | Ossuary  | Lost mutation: Your flesh is heat resistant. (rF+) [potion
                  | of mutation]
  9550 | Ossuary  | Lost mutation: You do not regenerate when monsters are
                  | visible. [potion of mutation]
  9550 | Ossuary  | Gained mutation: You are partially covered in iridescent
                  | scales. (AC +2) [potion of mutation]
  9620 | D:8      | Found a glowing silver altar of Zin.
  9620 | D:8      | XOM: 4-stop teleportation journey
  9774 | D:8      | Found Usapta's Distillery.
  9780 | D:8      | XOM: silly message
  9791 | D:8      | XOM: enchant monster (bad)
  9793 | D:8      | XOM: noise
  9794 | D:8      | Reached skill level 2 in Translocations
  9985 | D:8      | Reached skill level 3 in Translocations
  9986 | D:8      | Reached skill level 8 in Dodging
 10124 | D:8      | Bought a potion of curing for 36 gold pieces
 10124 | D:8      | Bought 2 potions of heal wounds for 120 gold pieces
 10124 | D:8      | Bought a potion of enlightenment for 60 gold pieces
 10124 | D:8      | Bought a potion of attraction for 36 gold pieces
 10124 | D:8      | Bought a potion of cancellation for 96 gold pieces
 10124 | D:8      | Bought a potion of enlightenment for 60 gold pieces
 10129 | D:8      | Identified a scroll of acquirement
 10130 | D:8      | Identified the "Yhocria" (You acquired it on level 8 of
                  | the Dungeon)
 10130 | D:8      | Acquired the amulet "Muruv" {Reflect Rampage rF+ rCorr
                  | Int-5 SH+5}
 10250 | D:8      | XOM: stat loss: -1 Int (11/12)
 10329 | D:5      | Killed Blork the orc
 10338 | D:5      | Reached skill level 5 in Shapeshifting
 10382 | D:5      | Found a runed translucent door.
 10383 | D:5      | Noticed Crazy Yiuf
 10445 | D:5      | Killed Crazy Yiuf
 10468 | D:5      | XOM: stat loss: -1 Str (6/7)
 10598 | D:7      | XOM: chaos cloud
 10618 | D:7      | XOM: swap monsters
 10629 | D:7      | XOM: confusion (+ monsters)
 10642 | D:7      | XOM: blink monster(s)
 10655 | D:7      | XOM: divination: detect items
 10665 | D:7      | XOM: confusion (+ monsters)
 10673 | D:7      | XOM: enchant monster (good)
 10678 | D:7      | Killed Queen's ghost
 10679 | D:7      | Reached skill level 4 in Translocations
 10679 | D:7      | Reached skill level 3 in Evocations
 10713 | D:7      | XOM: noise
 10798 | D:9      | XOM: swap monsters
 10807 | D:9      | Reached skill level 7 in Fighting
 10887 | D:9      | Noticed a queen bee
 10942 | D:9      | Found a flagged portal.
 10975 | Bailey   | Entered a bailey
 10980 | Bailey   | XOM: give mutations
 10980 | Bailey   | Gained mutation: A frigid envelope surrounds you and
                  | freezes all who hurt you. [Xom's mischief]
 10980 | Bailey   | Lost mutation: Your spells are a little harder to cast, but
                  | a little more powerful. [Xom's mischief]
 10996 | D:9      | Found an ornate altar of the Wu Jian Council.
 11028 | D:9      | Noticed Grum
 11048 | D:8      | Reached XP level 10. HP: 26/42 MP: 10/15
 11061 | D:8      | Reached skill level 9 in Dodging
 11077 | D:8      | XOM: divination: detect creatures
 11125 | D:9      | XOM: summons friendly quasit
 11132 | D:9      | Killed Grum
 11204 | D:9      | XOM: divination: detect creatures
 11205 | D:9      | XOM: potion effect (invisibility)
 11218 | D:9      | Reached skill level 4 in Evocations
 11218 | D:9      | XOM: fog
 11224 | D:9      | XOM: cleaving
 11226 | D:9      | Reached skill level 6 in Shapeshifting
 11233 | D:9      | XOM: potion effect (invisibility)
 11235 | D:9      | XOM: swap monsters
 11327 | D:9      | XOM: noise
 11388 | D:8      | XOM: give mutation
 11388 | D:8      | Lost mutation: You expend magic power (3 MP) to strengthen
                  | your wands. [Xom's mischief]
 11495 | D:9      | Found a staircase to the Lair.
 11495 | D:9      | Found a transporter.
 11495 | D:9      | Found a transporter.
 11495 | D:9      | XOM: 7-stop teleportation journey
 11525 | D:9      | Noticed stendehmen's ghost (novice DEHu)
 11560 | D:9      | Identified the flux talisman of Supple Strength {rF+ rCorr
                  | Dex-2}
 11632 | D:9      | XOM: summons 2 friendly demons
 11717 | D:9      | XOM: scenery: create altars
 11823 | D:9      | XOM: give mutations
 11823 | D:9      | Lost mutation: You occasionally lose the ability to drink
                  | potions when taking damage. [Xom's mischief]
 11823 | D:9      | Gained mutation: You have a pair of small horns on your
                  | head. [Xom's mischief]
 11927 | D:9      | Found a staircase to the Orcish Mines.
 11935 | D:9      | XOM: divination: detect creatures
 11952 | D:9      | Reached skill level 10 in Dodging
 11968 | D:9      | XOM: cast spell 'Chain of Chaos'
 12187 | D:9      | XOM: polymorph gnoll sergeant -> boggart
 12206 | D:9      | XOM: polymorph gnoll -> killer bee
 12232 | D:9      | Reached skill level 8 in Fighting
 12465 | D:9      | Reached skill level 7 in Shapeshifting
 12634 | D:10     | Entered Level 10 of the Dungeon
 12655 | D:10     | XOM: potion effect (attraction)
 12658 | D:10     | XOM: confusion (+ monsters)
 12662 | D:10     | XOM: enchant monster (bad)
 12914 | D:10     | Slain by a troll
 12933 | D:10     | Reached skill level 9 in Fighting
 12961 | D:10     | XOM: 1-stop teleportation journey
 12963 | D:10     | XOM: enchant monster (bad)
 12964 | D:10     | Reached skill level 8 in Shapeshifting
 13105 | D:10     | XOM: scenery: 1 doors close
 13106 | D:10     | XOM: confuse monster(s)
 13117 | D:10     | Reached XP level 11. HP: 47/47 MP: 16/16
 13151 | D:10     | Identified the +7 battleaxe "Eluas" {venom, Dex+3 SInv}
 13238 | D:10     | Learned a level 4 spell: Manifold Assault
 13343 | D:10     | XOM: god gift: scroll of teleportation
 13368 | D:10     | XOM: butterfly on damage
 13525 | D:10     | XOM: confuse monster(s)
 13568 | D:10     | XOM: confuse monster(s)
 13588 | D:10     | XOM: god gift: 877 gold pieces
 13686 | D:10     | Identified the +8 plate armour "Vamm" {SInv}
 13749 | D:10     | XOM: god gift: staff of conjuration
 13825 | D:10     | XOM: cloud trail
 13942 | D:10     | Reached skill level 5 in Translocations
 13955 | D:10     | XOM: give mutations
 13955 | D:10     | Gained mutation: Your mind is very acute. (Int +8, Str/Dex
                  | -2) [Xom's grace]
 13955 | D:10     | Gained mutation: You have a pair of horns on your head.
                  | [Xom's grace]
 13997 | D:10     | Noticed Fannar
 14946 | D:10     | XOM: give mutations
 14946 | D:10     | Gained mutation: You have a pair of large horns on your
                  | head. [Xom's grace]
 14946 | D:10     | Gained mutation: Your flesh is heat resistant. (rF+) [Xom's
                  | grace]
 15081 | Lair:1   | Entered Level 1 of the Lair of Beasts
 15082 | Lair:1   | Identified the +5 scale mail "Nupnig" {Rampage +Blink Int-5
                  | Dex-2}
 15204 | Lair:1   | XOM: polymorph komodo dragon -> cane toad
 15210 | Lair:1   | Reached skill level 9 in Shapeshifting
 15316 | Lair:1   | Learned a level 3 spell: Ozocubu's Armour
 15382 | Lair:1   | Noticed Harold
 15425 | Lair:1   | Reached skill level 6 in Unarmed Combat
 15629 | Lair:1   | XOM: cleaving
 15816 | Lair:1   | XOM: divination: magic mapping
 15932 | Lair:1   | XOM: summons 2 friendly demons
 15937 | Lair:1   | XOM: enchant monster (good)
 15941 | Lair:1   | XOM: 4-stop teleportation journey
 15956 | Lair:1   | XOM: destruction
 16215 | Lair:1   | Reached skill level 7 in Unarmed Combat
 16300 | Lair:1   | Reached skill level 10 in Shapeshifting
 16689 | Lair:2   | You fall into a shaft and drop 2 floors!
 16689 | Lair:4   | XOM: stealth player
 16731 | Lair:4   | Reached skill level 1 in Ice Magic
 16773 | Lair:4   | XOM: summons friendly shadow imp
 16788 | Lair:4   | Reached skill level 2 in Ice Magic
 16791 | Lair:4   | Reached skill level 8 in Unarmed Combat
 16919 | Lair:3   | XOM: 1-stop teleportation journey
 16931 | Lair:3   | Noticed an eight-headed hydra
 16961 | Lair:3   | Reached skill level 3 in Ice Magic
 16961 | Lair:3   | XOM: enchant monster (good)
 16983 | Lair:3   | XOM: noise
 16990 | Lair:3   | XOM: potion effect (haste)
 16993 | Lair:3   | XOM: potion effect (berserk rage)
 16996 | Lair:3   | XOM: divination: magic mapping
 16999 | Lair:3   | Slain by an elephant
 17007 | Lair:3   | XOM: silly message
 17008 | Lair:3   | Gained mutation: Your thick and shaggy fur keeps you warm.
                  | (AC +3, rC+) [Felid growth]
 17008 | Lair:3   | Reached XP level 12. HP: 51/51 MP: 14/17
 17018 | Lair:3   | Reached skill level 4 in Ice Magic
 17047 | Lair:3   | Reached skill level 9 in Unarmed Combat
 17141 | Lair:3   | XOM: cloud trail
 17249 | Lair:2   | XOM: cloud trail
 17251 | Lair:2   | Identified the staff "Wurohe" {rElec Stlth+ Air}
 17359 | Lair:2   | XOM: 5-stop teleportation journey
 17496 | Lair:2   | XOM: silly message
 17499 | Lair:2   | XOM: cleaving
 17504 | Lair:2   | Reached skill level 5 in Ice Magic
 17510 | Lair:2   | XOM: 1-stop teleportation journey
 17634 | Lair:2   | XOM: divination: detect items
 17673 | Lair:2   | XOM: confuse monster(s)
 17682 | Lair:2   | XOM: cast spell 'Discord'
 17698 | Lair:2   | XOM: summons 3 friendly demons
 17699 | Lair:2   | Reached skill level 10 in Unarmed Combat
 17709 | Lair:2   | Reached skill level 6 in Ice Magic
 17727 | Lair:2   | XOM: enchant monster (bad)
 17790 | Lair:2   | XOM: potion effect (might)
 17793 | Lair:2   | XOM: summons friendly iron imp
 17797 | Lair:2   | Reached skill level 7 in Ice Magic
 17997 | Lair:2   | Reached skill level 6 in Translocations
 18121 | Lair:2   | XOM: noise
 18407 | Lair:2   | Reached skill level 7 in Translocations
 18651 | Lair:3   | Noticed Gastronok
 18653 | Lair:3   | XOM: potion effect (brilliance)
 18657 | Lair:2   | XOM: summons friendly white imp
 18676 | Lair:3   | XOM: swap monsters
 18677 | Lair:3   | XOM: divination: magic mapping
 18692 | Lair:3   | XOM: potion effect (magic)
 18704 | Lair:3   | Reached skill level 6 in Stealth
 18711 | Lair:3   | Reached skill level 11 in Dodging
 18765 | Lair:3   | Reached XP level 13. HP: 54/54 MP: 18/18
 18769 | Lair:3   | XOM: confuse monster(s)
 18797 | Lair:3   | XOM: cast spell 'Discord'
 18837 | Lair:3   | Found a staircase to the Shoals.
 18880 | Lair:3   | XOM: butterfly on damage
 18937 | Lair:3   | Reached skill level 7 in Stealth
 18937 | Lair:3   | Reached skill level 8 in Translocations
 19088 | Lair:3   | XOM: divine lightning
 19217 | Lair:3   | XOM: divination: detect items
 19402 | Lair:3   | XOM: enchant monster (good)
 19514 | Lair:3   | Found a staircase to the Snake Pit.
 19621 | Lair:3   | XOM is BORED!
 19621 | Lair:3   | XOM: noise
 19801 | Lair:3   | XOM: cast spell 'Discord'
 19806 | Lair:3   | XOM: butterfly on damage
 19971 | Lair:3   | an eight-headed hydra changed into a quicksilver ooze
 19971 | Lair:3   | Noticed a quicksilver ooze
 19971 | Lair:3   | XOM: polymorph eight-headed hydra -> quicksilver ooze
 19972 | Lair:3   | XOM: summons friendly shadow imp
 20032 | Lair:3   | XOM: give mutation
 20032 | Lair:3   | Lost mutation: Your mind is very acute. (Int +8, Str/Dex
                  | -2) [Xom's mischief]
 20052 | Lair:3   | Identified the +6 falchion "Jaicodd" {freeze, rCorr}
 20079 | Lair:3   | XOM: noise
 20112 | Lair:4   | Reached skill level 11 in Unarmed Combat
 20187 | Lair:4   | XOM: enchant monster (good)
 20198 | Lair:4   | XOM: confusion (+ monsters)
 20209 | Lair:4   | XOM: confusion (+ monsters)
 20245 | Lair:4   | Found a viscous altar of Jiyva.
 20338 | Lair:4   | XOM: enchant monster (good)
 21089 | Lair:4   | Reached skill level 8 in Stealth
 21089 | Lair:4   | Reached skill level 9 in Translocations
 21146 | Lair:5   | Entered Level 5 of the Lair of Beasts
 21182 | Lair:5   | XOM: divination: detect items
 21187 | Lair:5   | XOM: divination: magic mapping
 21189 | Lair:5   | Reached skill level 12 in Dodging
 21501 | Lair:4   | XOM: silly message
 21576 | Lair:5   | XOM: enchant monster (good)
 21763 | Lair:4   | XOM: confuse monster(s)
 21804 | Lair:5   | Learned a level 1 spell: Apportation
 21832 | Lair:5   | XOM: give mutations
 21832 | Lair:5   | Gained mutation: You are clumsy. (Dex -2) [Xom's mischief]
 21832 | Lair:5   | Lost mutation: You are clumsy. (Dex -2) [Xom's mischief]
 21832 | Lair:5   | Lost mutation: You are frail. (-10% HP) [Xom's mischief]
 21832 | Lair:5   | Gained mutation: You have hidden genetic defects. [Xom's
                  | mischief]
 21833 | Lair:5   | XOM: cast spell 'Call Canine Familiar'
 21834 | Lair:5   | XOM: confuse monster(s)
 21897 | Lair:5   | XOM: summons friendly shadow imp
 21898 | Lair:5   | Reached skill level 9 in Stealth
 21903 | Lair:5   | XOM: silly message
 22028 | Lair:5   | Found a runed translucent door.
 22078 | Lair:5   | XOM: noise
 22080 | Lair:5   | XOM: silly message
 22160 | Lair:5   | XOM: cast spell 'Dispersal'
 22164 | Lair:5   | XOM: cleaving
 22170 | Lair:5   | Reached skill level 10 in Translocations
 22178 | Lair:5   | XOM: divination: detect creatures
 22194 | Lair:5   | XOM: summons friendly quasit
 22218 | Lair:5   | XOM: summons 4 hostile demons
 22235 | Lair:5   | Gained mutation: You occasionally lose the ability to drink
                  | potions when taking damage. [hidden defects]
 22346 | Lair:5   | XOM: polymorph death yak -> shapeshifter
 22388 | Lair:5   | XOM: blink monster(s)
 22402 | Lair:5   | XOM: polymorph wolf -> fire bat
 22406 | Lair:5   | XOM: butterfly on damage
 22412 | Lair:5   | XOM: chaos cloud
 22416 | Lair:5   | XOM: 3-stop teleportation journey
 22437 | Lair:5   | XOM: polymorph rime drake -> naga
 22581 | Lair:4   | XOM: smoke on damage
 22585 | Lair:4   | Reached skill level 8 in Ice Magic
 22585 | Lair:4   | Reached XP level 14. HP: 30/64 MP: 16/19
 22707 | Lair:4   | XOM: scenery: create altars
 22711 | Lair:4   | XOM: summons friendly quasit
 22862 | Lair:5   | XOM: cast spell 'Discord'
 22876 | Lair:5   | Reached skill level 13 in Dodging
 22887 | Lair:5   | Reached skill level 10 in Stealth
 22903 | Lair:5   | Reached skill level 12 in Unarmed Combat
 22913 | Lair:5   | Gained mutation: You are frail. (-10% HP) [hidden defects]
 22913 | Lair:5   | Lost mutation: You have hidden genetic defects. [hidden
                  | defects expressed]
 23138 | Lair:5   | XOM: summons 4 friendly demons
 23321 | Lair:5   | XOM: scenery: summon butterflies
 23646 | Lair:4   | XOM: give mutations
 23646 | Lair:4   | Gained mutation: Your flesh is very heat resistant. (rF++)
                  | [Xom's grace]
 23646 | Lair:4   | Gained mutation: You are mostly covered in iridescent
                  | scales. (AC +4) [Xom's grace]
 23646 | Lair:4   | Gained mutation: Your flesh is very cold resistant. (rC++)
                  | [Xom's grace]
 23794 | Lair:5   | XOM: 8-stop teleportation journey
 23952 | Lair:5   | XOM: 2-stop teleportation journey
 23975 | Lair:5   | XOM: potion effect (brilliance)
 24045 | Lair:5   | XOM: divination: magic mapping
 24047 | Lair:5   | XOM: silly message
 24282 | Lair:5   | XOM: divination: magic mapping
 24547 | Lair:5   | XOM: silly message
 25468 | Lair:5   | XOM: cast spell 'Alistair's Intoxication'
 25577 | Lair:5   | Identified the +4 short sword of Zoyssiph {elec, Str+3
                  | Stlth+}
 25814 | Lair:3   | XOM: noise
 25836 | Lair:3   | Reached skill level 9 in Ice Magic
 25839 | Lair:3   | Reached skill level 14 in Dodging
 25943 | Lair:3   | Found a runed translucent door.
 26195 | Lair:3   | XOM is BORED!
 26306 | Lair:1   | Killed Harold
 26318 | Lair:1   | XOM: cloud trail
 26505 | D:11     | XOM: silly message
 26571 | D:11     | XOM: enchant monster (bad)
 26625 | D:11     | XOM: 3-stop teleportation journey
 26669 | D:11     | Reached skill level 5 in Evocations
 27016 | D:12     | XOM: 1-stop teleportation journey
 27075 | D:12     | XOM: cast spell 'Summon Ice Beast'
 27087 | D:12     | XOM: cloud trail
 27242 | D:12     | XOM: silly message
 27353 | D:12     | XOM: silly message
 27635 | D:11     | XOM: noise
 27696 | Orc:1    | Entered Level 1 of the Orcish Mines
 27696 | Orc:1    | Noticed Erolcha
 27708 | D:9      | Killed Erolcha
 27802 | D:9      | XOM: god gift: scroll of poison
 28170 | Orc:1    | Found Iliucuoxt's General Store.
 28213 | Orc:1    | XOM: enchant monster (good)
 28341 | Orc:1    | XOM: noise
 28379 | Orc:1    | XOM: noise
 28575 | Orc:1    | XOM: 5-stop teleportation journey
 28672 | Orc:2    | Entered Level 2 of the Orcish Mines
 28754 | Orc:2    | XOM: summons 8 hostile demons
 28801 | Orc:2    | Noticed an orc warlord
 28805 | Orc:2    | XOM: scenery: create altars
 28817 | Orc:2    | XOM: confuse monster(s)
 28911 | Orc:1    | XOM: noise
 28975 | Orc:2    | Paralysed by an orc sorcerer for 2 turns
 28976 | Orc:2    | XOM: confuse monster(s)
 29009 | Orc:2    | XOM: divination: magic mapping
 29010 | Orc:2    | XOM: enchant monster (bad)
 29036 | Orc:2    | Reached skill level 13 in Unarmed Combat
 29046 | Orc:2    | Killed an orc warlord
 29047 | Orc:2    | Reached skill level 6 in Evocations
 29047 | Orc:2    | Mangled by an orc warrior
 29066 | Orc:1    | Found a radiant altar of Vehumet.
 29209 | Orc:2    | Found a staircase to the Elven Halls.
 29267 | Orc:2    | XOM: silly message
 29318 | Orc:2    | XOM: silly message
 29324 | Orc:2    | XOM: 1-stop teleportation journey
 29343 | Orc:2    | XOM: confusion (+ monsters)
 29473 | Orc:2    | XOM: cloud trail
 29576 | Orc:2    | XOM: noise
 29787 | Orc:2    | XOM: cast spell 'Alistair's Intoxication'
 29992 | Orc:2    | XOM: noise
 30048 | Orc:2    | XOM: summons 8 hostile demons
 30340 | Orc:2    | XOM: scenery: summon butterflies
 30571 | Orc:2    | XOM: draining
 30615 | Orc:2    | Reached XP level 15. HP: 51/57 MP: 15/20
 30768 | Orc:2    | XOM: give mutation
 30768 | Orc:2    | Lost mutation: You occasionally lose the ability to drink
                  | potions when taking damage. [Xom's mischief]
 30781 | Orc:2    | Found Ovvyc's Jewellery Emporium.
 30781 | Orc:2    | Found Qiggim's Assorted Antiques.
 30783 | Orc:2    | Found Mablul's Book Emporium.
 30783 | Orc:2    | Found Caocrogg's Jewellery Boutique.
 31101 | Orc:1    | Bought a potion of curing for 39 gold pieces
 31101 | Orc:1    | Bought a potion of curing for 39 gold pieces
 31101 | Orc:1    | Bought a box of beasts for 520 gold pieces
 31286 | D:13     | Found a gate to the Vaults.
 31303 | D:13     | Reached skill level 10 in Ice Magic
 31384 | D:13     | Reached skill level 7 in Evocations
 31720 | D:13     | Noticed Sonja
 31722 | D:13     | Sonja changed into Sonja the golden eye
 31722 | D:13     | Noticed Sonja
 31724 | D:13     | Noticed Azrael
 31724 | D:13     | XOM: divination: magic mapping
 31725 | D:13     | XOM: confuse monster(s)
 31740 | D:13     | Killed Azrael
 31742 | D:13     | Killed Sonja the golden eye
 31889 | D:13     | Found an iron altar of Okawaru.
 31997 | D:13     | XOM: god gift: 14 gold pieces
 32184 | D:14     | Noticed Frances
 32215 | D:14     | Killed Frances
 32601 | D:14     | XOM: chaos upgrade
 32698 | D:14     | XOM: chaos cloud
 32699 | D:14     | Paralysed by you for 3 turns
 32705 | D:14     | XOM: potion effect (invisibility)
 32722 | D:14     | XOM: potion effect (might)
 32780 | D:14     | Reached skill level 8 in Evocations
 32788 | D:14     | XOM: silly message
 33098 | D:15     | Entered Level 15 of the Dungeon
 33190 | D:15     | XOM: butterfly on damage
 33348 | D:15     | XOM: god gift: wand of iceblast (5)
 33430 | D:15     | XOM: divine lightning
 33451 | D:15     | Reached skill level 10 in Fighting
 33451 | D:15     | Reached skill level 14 in Unarmed Combat
 33474 | D:15     | XOM: confuse monster(s)
 33529 | D:15     | Reached skill level 11 in Shapeshifting
 33556 | D:15     | XOM: 1-stop teleportation journey
 33711 | D:15     | Found a staircase to the Depths.
 33896 | D:15     | XOM: summons 3 hostile shadow creatures
 33904 | D:15     | XOM: fog
 33964 | D:14     | XOM: give mutation
 33964 | D:14     | Gained mutation: You are resistant to electric shocks.
                  | (rElec) [Xom's grace]
 34049 | D:15     | XOM: god gift: hand axe {god gift}
 34129 | D:15     | Reached skill level 9 in Evocations
 34202 | D:15     | XOM: god gift: runed robe {god gift}
 34206 | D:15     | XOM: summons 9 friendly demons
 34623 | Snake:1  | Entered Level 1 of the Snake Pit
 34634 | Snake:1  | Found Cithynyo's Jewellery Shop.
 34634 | Snake:1  | Found Tyepiny's General Store.
 34691 | Snake:1  | Bought a scroll of teleportation for 33 gold pieces
 34691 | Snake:1  | Bought a scroll of teleportation for 33 gold pieces
 34691 | Snake:1  | Bought a scroll of teleportation for 33 gold pieces
 34721 | Snake:1  | Noticed Donald
 34763 | Snake:1  | XOM: divination: detect creatures
 34841 | Lair:3   | XOM: summons 1 hostile demon
 34907 | Lair:3   | XOM: silly message
 35140 | Snake:1  | XOM: 1-stop teleportation journey
 35152 | Snake:1  | XOM: scenery: summon butterflies
 35153 | Snake:1  | XOM: cast spell 'Alistair's Intoxication'
 35154 | Snake:1  | Found a sacrificial altar of Ru.
 35154 | Snake:1  | XOM: 7-stop teleportation journey
 35222 | Snake:1  | Reached XP level 16. HP: 66/66 MP: 17/21
 35231 | Snake:1  | XOM: fake destruction
 35243 | Snake:1  | XOM: divination: magic mapping
 35350 | Snake:1  | Killed Donald
 35399 | Snake:1  | XOM: 2-stop teleportation journey
 35429 | Snake:1  | XOM: 1-stop teleportation journey
 35457 | Snake:1  | XOM: divination: detect creatures
 35480 | Snake:1  | Reached skill level 11 in Fighting
 35643 | Snake:1  | XOM: noise
 35953 | Snake:2  | Reached skill level 10 in Evocations
 36254 | Snake:2  | Reached skill level 12 in Shapeshifting
 36292 | Snake:2  | XOM: cast spell 'Summon Small Mammal'
 36295 | Snake:2  | XOM: blink monster(s)
 36447 | Snake:2  | XOM: swap monsters
 36630 | Snake:2  | XOM: summons 1 hostile demon
 36780 | Snake:2  | XOM: silly message
 36811 | Snake:3  | XOM: stealth player
 36817 | Snake:3  | XOM: destruction
 37065 | Snake:3  | XOM: polymorph naga warrior -> wolf spider
 37286 | Snake:3  | Found Culosch's Distillery.
 37286 | Snake:3  | Found Omem's Assorted Antiques.
 37291 | Snake:3  | Found Akkadd's Book Shop.
 37295 | Snake:3  | Bought 2 potions of curing for 78 gold pieces
 37295 | Snake:3  | Bought a potion of curing for 39 gold pieces
 37295 | Snake:3  | Bought a potion of invisibility for 104 gold pieces
 37297 | Snake:3  | Bought a wand of iceblast (5) for 348 gold pieces
 37539 | Snake:3  | XOM: give mutations
 37539 | Snake:3  | Gained mutation: Your body sometimes deteriorates upon
                  | taking damage. [Xom's mischief]
 37539 | Snake:3  | Lost mutation: A frigid envelope surrounds you and freezes
                  | all who hurt you. [Xom's mischief]
 37567 | Snake:3  | Reached skill level 11 in Evocations
 37719 | Snake:3  | XOM: 1-stop teleportation journey
 37727 | Snake:3  | Identified the blade talisman of the Robin {Dex+6 Slay+3}
 37799 | Snake:2  | XOM: summons 9 hostile demons
 37904 | Snake:3  | XOM: give mutation
 37904 | Snake:3  | Lost mutation: You are resistant to electric shocks.
                  | (rElec) [Xom's mischief]
 37924 | Snake:3  | XOM: give mutations
 37924 | Snake:3  | Lost mutation: You are mostly covered in iridescent scales.
                  | (AC +4) [Xom's mischief]
 37924 | Snake:3  | Gained mutation: Your spells are a little easier to cast,
                  | but a little less powerful. [Xom's mischief]
 38161 | Snake:3  | Reached skill level 12 in Fighting
 38217 | Snake:3  | XOM: confusion
 38395 | Snake:3  | XOM: 1-stop teleportation journey
 38508 | Snake:3  | XOM: enchant monster (good)
 38547 | Snake:3  | XOM: enchant monster (bad)
 38769 | Snake:3  | XOM: give mutations
 38769 | Snake:3  | Gained mutation: You expend magic power (3 MP) to
                  | strengthen your wands. [Xom's grace]
 38769 | Snake:3  | Gained mutation: You are agile. (Dex +4, Str/Int -1) [Xom's
                  | grace]
 38769 | Snake:3  | Gained mutation: Your flesh is almost immune to the effects
                  | of heat. (rF+++) [Xom's grace]
 38809 | Snake:3  | XOM: silly message
 39326 | Snake:4  | Entered Level 4 of the Snake Pit
 39329 | Snake:4  | XOM: divination: detect items
 39330 | Snake:4  | XOM: divination: magic mapping
 39335 | Snake:4  | XOM: blink monster(s)
 39407 | Snake:4  | XOM: scenery: summon butterflies
 39502 | Snake:4  | XOM: summons 16 friendly demons
 39787 | Snake:4  | XOM: summons 2 friendly demons
 39793 | Snake:4  | XOM: divination: magic mapping
 39804 | Snake:4  | Reached skill level 13 in Shapeshifting
 39995 | Snake:4  | XOM: scenery: create altars
 40023 | Snake:4  | XOM: scenery: create altars
 40033 | Snake:4  | XOM: confuse monster(s)
 40047 | Snake:4  | XOM: summons friendly crimson imp
 40087 | Snake:4  | Reached XP level 17. HP: 72/72 MP: 15/22
 40208 | Snake:4  | XOM: chaos upgrade
 40223 | Snake:4  | Reached skill level 12 in Evocations
 40229 | Snake:4  | XOM: swap monsters
 40491 | Snake:4  | XOM: give mutations
 40491 | Snake:4  | Lost mutation: You are agile. (Dex +4, Str/Int -1) [Xom's
                  | mischief]
 40491 | Snake:4  | Lost mutation: You are partially covered in iridescent
                  | scales. (AC +2) [Xom's mischief]
 40494 | Snake:4  | Found Mimoot's Self-Improvement Boutique.
 40686 | Snake:4  | XOM: swap monsters
 40688 | Snake:4  | Mangled by a mana viper
 41104 | Lair:3   | XOM: summons 4 hostile shadow creatures
 41202 | Shoals:1 | Entered Level 1 of the Shoals
 41217 | Shoals:1 | XOM: enchant monster (good)
 41241 | Shoals:1 | Reached skill level 13 in Fighting
 41242 | Shoals:1 | XOM: smoke on damage
 41245 | Shoals:1 | XOM: potion effect (haste)
 41274 | Lair:3   | XOM: cloud trail
 41539 | D:3      | Bought a book of Spatial Translocations for 216 gold pieces
 41542 | D:3      | Learned a level 2 spell: Lesser Beckoning
 41704 | Shoals:1 | XOM: cast spell 'Cause Fear'
 41763 | Lair:3   | XOM: give mutations
 41763 | Lair:3   | Lost mutation: You expend magic power (3 MP) to strengthen
                  | your wands. [Xom's mischief]
 41763 | Lair:3   | Lost mutation: You have a pair of large horns on your head.
                  | [Xom's mischief]
 41763 | Lair:3   | Lost mutation: Your body sometimes deteriorates upon taking
                  | damage. [Xom's mischief]
 41763 | Lair:3   | Lost mutation: Your spells are a little easier to cast, but
                  | a little less powerful. [Xom's mischief]
 41794 | Lair:3   | XOM: summons 9 hostile demons
 41917 | Shoals:1 | XOM: 1-stop teleportation journey
 42109 | Shoals:1 | XOM: summons 9 hostile demons
 42268 | Lair:3   | XOM: summons 3 hostile demons
 42278 | Lair:3   | XOM: give mutations
 42278 | Lair:3   | Lost mutation: You are frail. (-10% HP) [Xom's mischief]
 42278 | Lair:3   | Gained mutation: Your spells are a little harder to cast,
                  | but a little more powerful. [Xom's mischief]
 42278 | Lair:3   | Lost mutation: Your spells are a little harder to cast, but
                  | a little more powerful. [Xom's mischief]
 42633 | Shoals:1 | XOM: torment (42/82 hp)
 42675 | Shoals:1 | XOM: give mutations
 42675 | Shoals:1 | Lost mutation: Your flesh is almost immune to the effects
                  | of heat. (rF+++) [Xom's mischief]
 42675 | Shoals:1 | Gained mutation: Your mind is very acute. (Int +8, Str/Dex
                  | -2) [Xom's mischief]
 42675 | Shoals:1 | Lost mutation: Your skin changes colour to match your
                  | surroundings (Stealth+). [Xom's mischief]
 42754 | Shoals:1 | XOM: 3-stop teleportation journey
 43070 | Lair:3   | XOM: torment (33/82 hp)
 43286 | Shoals:1 | XOM: summons 9 hostile demons
 43513 | Shoals:1 | XOM is BORED!
 43726 | Shoals:1 | XOM: cleaving
 43906 | Shoals:1 | XOM: give mutations
 43906 | Shoals:1 | Gained mutation: You occasionally lose the ability to read
                  | scrolls when taking damage. [Xom's mischief]
 43906 | Shoals:1 | Lost mutation: Your mind is very acute. (Int +8, Str/Dex
                  | -2) [Xom's mischief]
 43906 | Shoals:1 | Lost mutation: Your flesh is very cold resistant. (rC++)
                  | [Xom's mischief]
 43906 | Shoals:1 | Lost mutation: Your flesh is cold resistant. (rC+) [Xom's
                  | mischief]
 43906 | Shoals:1 | Gained mutation: You are vulnerable to cold. (rC-) [Xom's
                  | mischief]
 43906 | Shoals:1 | Lost mutation: Your flesh is very heat resistant. (rF++)
                  | [Xom's mischief]
 43926 | Shoals:2 | Noticed Ilsuiw
 44011 | Shoals:1 | XOM: give mutation
 44011 | Shoals:1 | Gained mutation: You are robust. (+10% HP) [Xom's grace]
 44279 | Snake:4  | XOM: 2-stop teleportation journey
 44379 | Snake:4  | XOM: cloud trail
 44446 | Snake:4  | XOM: destruction
 44458 | Snake:4  | Reached skill level 14 in Shapeshifting
 44463 | Snake:4  | XOM: enchant monster (good)
 44469 | Snake:4  | Reached skill level 13 in Evocations
 44480 | Snake:4  | XOM: god gift: 5 stones
 44528 | Snake:4  | XOM: potion effect (attraction)
 44640 | Snake:4  | XOM: summons friendly iron imp
 44735 | Snake:3  | XOM: give mutations
 44735 | Snake:3  | Gained mutation: You passively map a small area around you.
                  | [Xom's grace]
 44735 | Snake:3  | Gained mutation: You are resistant to electric shocks.
                  | (rElec) [Xom's grace]
 44735 | Snake:3  | Gained mutation: Your muscles are strong. (Str +4, Int/Dex
                  | -1) [Xom's grace]
 44735 | Snake:3  | Gained mutation: You have a pair of large horns on your
                  | head. [Xom's grace]
 44859 | Snake:3  | XOM: give mutations
 44859 | Snake:3  | Gained mutation: Your mind is very acute. (Int +8, Str/Dex
                  | -2) [Xom's grace]
 44859 | Snake:3  | Gained mutation: You are partially covered in iridescent
                  | scales. (AC +2) [Xom's grace]
 44859 | Snake:3  | Gained mutation: You are very robust. (+20% HP) [Xom's
                  | grace]
 44907 | Snake:4  | XOM: cast spell 'Discord'
 44965 | Snake:3  | XOM: give mutation
 44965 | Snake:3  | Lost mutation: You are partially covered in iridescent
                  | scales. (AC +2) [Xom's mischief]
 45072 | Snake:4  | XOM: summons 1 hostile demon
 45392 | Snake:4  | XOM: give mutation
 45392 | Snake:4  | Lost mutation: You have a pair of large horns on your head.
                  | [Xom's mischief]
 45521 | Snake:4  | XOM: smoke on damage
 45631 | Snake:4  | XOM: enchant monster (good)
 45635 | Snake:4  | XOM: summons 3 hostile shadow creatures
 45652 | Snake:4  | XOM: enchant monster (bad)
 45986 | Snake:4  | XOM: enchant monster (bad)
 46050 | Snake:4  | XOM: enchant monster (bad)
 46064 | Snake:4  | Noticed Vashnia
 46067 | Snake:4  | XOM: chaos cloud
 46070 | Snake:4  | XOM: confuse monster(s)
 46080 | Snake:4  | XOM: potion effect (magic)
 46103 | Snake:4  | Killed Vashnia
 46232 | Snake:4  | Reached skill level 14 in Fighting
 46291 | Snake:4  | XOM: cloud trail
 46687 | Snake:4  | XOM: butterfly on damage
 46721 | Snake:4  | XOM: silly message
 46743 | Snake:4  | Identified the +1 leather armour of Nemelex Xobeh's Grace
                  | {rPois}
 46745 | Snake:4  | XOM: give mutations
 46745 | Snake:4  | Lost mutation: You are resistant to electric shocks.
                  | (rElec) [Xom's mischief]
 46745 | Snake:4  | Lost mutation: You are very robust. (+20% HP) [Xom's
                  | mischief]
 46926 | Snake:4  | Got a serpentine rune of Zot
 47216 | Shoals:2 | XOM: noise
 47333 | Shoals:2 | XOM: enchant monster (bad)
 47496 | Shoals:2 | Killed Ilsuiw
 47559 | Shoals:1 | XOM: cloud trail
 48051 | Shoals:2 | XOM: divination: detect items
 48092 | Shoals:2 | XOM: silly message
 48178 | Shoals:2 | Learned a level 2 spell: Passwall
 48225 | Shoals:2 | Reached XP level 18. HP: 95/95 MP: 20/23
 48491 | Shoals:2 | Reached skill level 14 in Evocations
 48831 | Shoals:2 | XOM: divination: detect items
 49057 | Shoals:3 | XOM: 1-stop teleportation journey
 49102 | Shoals:3 | XOM: enchant monster (good)
 49171 | Shoals:3 | XOM: give mutations
 49171 | Shoals:3 | Gained mutation: You have hidden genetic potential. [Xom's
                  | grace]
 49171 | Shoals:3 | Gained mutation: You expend magic power (3 MP) to
                  | strengthen your wands. [Xom's grace]
 49171 | Shoals:3 | Gained mutation: You are partially covered in iridescent
                  | scales. (AC +2) [Xom's grace]
 49171 | Shoals:3 | Gained mutation: Your system is resistant to poisons.
                  | (rPois) [Xom's grace]
 49249 | Shoals:3 | Found Jemy's Book Emporium.
 49531 | Shoals:3 | XOM: polymorph catoblepas -> great orb of eyes
 49671 | Shoals:3 | Noticed Polyphemus
 49802 | Shoals:3 | XOM: 1-stop teleportation journey
 50527 | Shoals:4 | Identified the "Ythrab"
 50527 | Shoals:4 | Entered Level 4 of the Shoals
 50895 | Shoals:4 | XOM: confusion
 51112 | Shoals:3 | XOM: silly message
 51384 | Shoals:3 | XOM: summons 1 hostile shadow creature
 51526 | Shoals:3 | Killed Polyphemus
 51773 | Shoals:4 | XOM: polymorph cyclops -> elephant
 51848 | Shoals:4 | Reached skill level 4 in Spellcasting
 51860 | Shoals:4 | XOM: enchant monster (bad)
 52139 | Shoals:2 | XOM: torment (49/96 hp)
 52232 | Shoals:2 | XOM: silly message
 52471 | Shoals:4 | XOM: scenery: summon butterflies
 52602 | Shoals:4 | XOM: smoke on damage
 53143 | Shoals:4 | XOM is BORED!
 53143 | Shoals:4 | XOM: 1-stop teleportation journey
 53178 | Shoals:4 | XOM: noise
 53181 | Shoals:4 | Reached skill level 5 in Spellcasting
 53414 | Shoals:4 | XOM: summons friendly quasit
 53416 | Shoals:4 | XOM: enchant monster (good)
 53424 | Shoals:4 | XOM: divination: detect creatures
 53507 | Shoals:4 | XOM: polymorph quasit -> white imp
 53662 | Shoals:3 | XOM: stat loss: -1 Str (9/10)
 53693 | Shoals:3 | XOM: enchant monster (good)
 53782 | Shoals:3 | XOM: cast spell 'Summon Mana Viper'
 53856 | Shoals:4 | XOM: give mutations
 53856 | Shoals:4 | Lost mutation: You are robust. (+10% HP) [Xom's mischief]
 53856 | Shoals:4 | Lost mutation: Your muscles are strong. (Str +4, Int/Dex
                  | -1) [Xom's mischief]
 53861 | Shoals:4 | Got a barnacled rune of Zot
 54053 | Shoals:4 | Reached skill level 6 in Spellcasting
 54411 | Shoals:4 | Identified the ring "Suxukoq" {rF++ rC++ rN+} (Xom gifted
                  | it to you on level 4 of the Shoals)
 54411 | Shoals:4 | XOM: god gift: ring "Suxukoq" {rF++ rC++ rN+}
 54514 | Shoals:4 | XOM: give mutations
 54514 | Shoals:4 | Gained mutation: You are robust. (+10% HP) [Xom's grace]
 54514 | Shoals:4 | Gained mutation: You are mostly covered in iridescent
                  | scales. (AC +4) [Xom's grace]
 54514 | Shoals:4 | Gained mutation: Your flesh is very heat resistant. (rF++)
                  | [Xom's grace]
 54514 | Shoals:4 | Gained mutation: You are partially covered in large bone
                  | plates. (SH +4) [Xom's grace]
 54966 | Orc:1    | XOM: god gift: wand of acid (3)
 55002 | Crypt:3  | Identified the "Ybraoq"
 55002 | Elf:1    | Identified the "Gounotra"
 55002 | Elf:1    | Entered Level 1 of the Elven Halls
 55131 | Orc:2    | XOM: cloud trail
 55357 | Elf:1    | Reached skill level 7 in Spellcasting
 55425 | Elf:1    | Noticed Kirke
 55626 | Elf:1    | XOM: enchant monster (bad)
 55664 | Elf:1    | XOM: divination: detect creatures
 55668 | Elf:1    | Killed Kirke
 55672 | Elf:1    | XOM: 1-stop teleportation journey
 55690 | Elf:1    | Reached skill level 8 in Spellcasting
 56031 | Elf:1    | XOM: summons friendly ufetubus
 56245 | Elf:1    | Identified the +10 spear "EnegeticOcto's Death" {heavy,
                  | Will+ rCorr}
 56263 | Elf:1    | XOM: polymorph deep elf pyromancer -> moth of wrath
 56313 | Elf:1    | Found Jedgh's Antique Armour Shop.
 56543 | Elf:2    | Reached skill level 9 in Spellcasting
 56594 | Elf:2    | XOM: stat loss: -1 Str (5/6)
 56787 | Elf:2    | Reached skill level 10 in Spellcasting
 56919 | Elf:2    | Reached XP level 19. HP: 101/101 MP: 31/34
 57014 | Elf:2    | Found a runed translucent gate.
 57014 | Elf:2    | Found a runed translucent gate.
 57014 | Elf:2    | Found a runed translucent gate.
 57014 | Elf:2    | XOM: 1-stop teleportation journey
 57027 | Elf:2    | XOM: blink monster(s)
 57036 | Elf:2    | XOM: noise
 57048 | Elf:2    | Reached skill level 11 in Spellcasting
 57053 | Elf:2    | XOM: swap monsters
 57058 | Elf:2    | Gained mutation: You are very robust. (+20% HP) [hidden
                  | potential]
 57849 | Elf:3    | Identified the "Oquas"
 57849 | Elf:3    | Identified the "Luosats"
 57849 | Elf:3    | Entered Level 3 of the Elven Halls
 57850 | Elf:3    | XOM: confusion (+ monsters)
 57852 | Elf:3    | XOM: cast spell 'Call Canine Familiar'
 57854 | Elf:3    | XOM: cast spell 'Summon Small Mammal'
 57860 | Elf:3    | Reached skill level 12 in Spellcasting
 58007 | Elf:3    | XOM: silly message
 58101 | Elf:3    | XOM: noise
 58236 | Elf:3    | Noticed Norris
 58240 | Elf:3    | XOM: divination: magic mapping
 58264 | Elf:3    | Killed Norris
 58654 | Elf:3    | Paralysed by an air elemental for 1 turns
 58844 | Elf:3    | Reached skill level 13 in Spellcasting
 58861 | Elf:3    | XOM: smoke on damage
 59276 | Elf:3    | XOM: god gift: chain mail {god gift}
 59713 | Elf:3    | Identified the ring of Gin and Tonic {rPois rN+ rCorr
                  | Str-2}
 59857 | Elf:2    | XOM: cloud trail
 60090 | Elf:3    | XOM: god gift: 25 gold pieces
 60162 | Elf:3    | XOM: summons 2 hostile demons
 60227 | Elf:3    | XOM: give mutation
 60227 | Elf:3    | Lost mutation: Your system is resistant to poisons. (rPois)
                  | [Xom's mischief]
 60381 | Elf:3    | XOM: silly message
 60420 | Elf:3    | XOM: give mutation
 60420 | Elf:3    | Lost mutation: You occasionally lose the ability to read
                  | scrolls when taking damage. [Xom's mischief]
 60554 | Elf:3    | XOM: silly message
 60556 | Elf:3    | XOM: noise
 60556 | Elf:3    | Identified the +3 plate armour of Myulem {Contam Harm rElec
                  | rN+}
 60560 | Elf:3    | XOM: blink monster(s)
 61042 | Elf:3    | XOM: give mutations
 61042 | Elf:3    | Lost mutation: You passively map a small area around you.
                  | [Xom's mischief]
 61042 | Elf:3    | Lost mutation: You have a pair of horns on your head.
                  | [Xom's mischief]
 61042 | Elf:3    | Lost mutation: You are partially covered in large bone
                  | plates. (SH +4) [Xom's mischief]
 61061 | Elf:3    | XOM: blink monster(s)
 61145 | Elf:3    | XOM: summons 5 hostile demons
 61194 | Elf:3    | Identified the +2 robe of Buicett {rElec rPois rF-}
 61209 | Elf:3    | Identified the +3 mace of Broken Luck {drain, rF+ rC+
                  | Int+4}
 61347 | Elf:3    | Identified the ring of Xom's Malicious Joy {Wiz rElec Dex-3
                  | Stlth+}
 61350 | Elf:3    | Reached skill level 14 in Spellcasting
 61731 | Elf:3    | XOM: scenery: summon butterflies
 61798 | Elf:3    | XOM: silly message
 62099 | Elf:3    | XOM: scenery: create altars
 62175 | Elf:3    | XOM: summons 4 friendly demons
 62178 | Elf:3    | Noticed a Brimstone Fiend
 62179 | Abyss:2  | Cast into level 2 of the Abyss (a deep elf demonologist)
 62259 | Abyss:2  | XOM: confuse monster(s)
 62335 | Abyss:2  | XOM: divine lightning
 62350 | Abyss:2  | XOM: draining
 62496 | Abyss:2  | XOM: silly message
 62557 | Abyss:3  | XOM: silly message
 62579 | Abyss:3  | XOM: fog
 62862 | Abyss:3  | XOM: polymorph hell hog -> rakshasa
 62914 | Abyss:3  | XOM: blink monster(s)
 62931 | Abyss:3  | XOM: cast spell 'Summon Cactus Giant'
 62938 | Elf:3    | Escaped the Abyss
 62943 | Elf:3    | Reached XP level 20. HP: 76/113 MP: 39/39
 63073 | Elf:3    | XOM: cloud trail
 63123 | Elf:3    | Identified the ring "Uthiz" {Drain rCorr Str+4 Int+2} (Xom
                  | gifted it to you on level 3 of the Elven Halls)
 63123 | Elf:3    | XOM: god gift: ring "Uthiz" {Drain rCorr Str+4 Int+2}
 63435 | Orc:2    | Bought a dragon-blood talisman for 840 gold pieces
 63535 | D:9      | XOM: 10-stop teleportation journey
 63626 | D:9      | Killed stendehmen's ghost
 63643 | D:9      | Identified the +7 plate armour of Fortification {rPois}
 63753 | Vaults:1 | Entered Level 1 of the Vaults
 63755 | Vaults:1 | Reached skill level 11 in Stealth
 63794 | Vaults:1 | XOM: polymorph dire elephant -> glowing shapeshifter
 63807 | Vaults:1 | XOM: enchant monster (good)
 63873 | Vaults:1 | Identified the serpent talisman of the Pleiades {Will+}
 63873 | Vaults:1 | Noticed Aizul
 63906 | Vaults:1 | Killed Aizul
 63907 | Vaults:1 | Reached skill level 12 in Stealth
 64032 | Vaults:1 | Gained mutation: You are agile. (Dex +4, Str/Int -1)
                  | [hidden potential]
 64032 | Vaults:1 | Lost mutation: You have hidden genetic potential. [hidden
                  | potential expressed]
 64068 | Vaults:1 | Reached skill level 13 in Stealth
 64310 | Vaults:1 | Reached skill level 1 in Transmutations
 64319 | Vaults:1 | XOM: 3-stop teleportation journey
 64346 | Vaults:1 | XOM: give mutation
 64346 | Vaults:1 | Lost mutation: You have a pair of small horns on your head.
                  | [Xom's mischief]
 64382 | Vaults:1 | XOM: 6-stop teleportation journey
 64394 | Vaults:1 | Reached skill level 2 in Transmutations
 64488 | Vaults:1 | Found a transporter.
 64488 | Vaults:1 | Noticed SlowGraham's ghost (legendary KoMo)
 64741 | Vaults:1 | XOM: polymorph harpy -> yaktaur
 64772 | Vaults:1 | XOM: butterfly on damage
 64865 | Vaults:1 | XOM: 7-stop teleportation journey
 65033 | Vaults:1 | Reached skill level 3 in Transmutations
 65216 | Vaults:1 | XOM: god gift: scroll of teleportation
 65412 | Vaults:2 | Reached skill level 6 in Conjurations
 65417 | Vaults:2 | Reached skill level 14 in Stealth
 65432 | Vaults:2 | Reached skill level 4 in Transmutations
 65673 | Vaults:2 | XOM: summons 2 hostile demons
 65949 | Vaults:2 | XOM: enchant monster (good)
 66133 | Vaults:1 | XOM: butterfly on damage
 66327 | Vaults:2 | XOM: silly message
 66537 | Vaults:2 | XOM: cleaving
 66567 | Vaults:2 | Reached skill level 5 in Transmutations
 66587 | Vaults:2 | XOM: 1-stop teleportation journey
 66800 | Shoals:3 | Bought a book of Alchemy for 392 gold pieces
 66806 | Shoals:3 | Learned a level 5 spell: Irradiate
 67028 | Vaults:2 | XOM: swap monsters
 67087 | Vaults:2 | Noticed Boris
 67417 | Vaults:2 | Found a staircase to the Crypt.
 67433 | Vaults:2 | Reached skill level 7 in Conjurations
 67472 | Vaults:2 | XOM: blink monster(s)
 67499 | Vaults:2 | Reached skill level 6 in Transmutations
 67540 | Vaults:2 | XOM: blink monster(s)
 67567 | Vaults:2 | XOM: fog
 67568 | Vaults:2 | XOM: divination: detect creatures
 67631 | Vaults:2 | XOM: silly message
 67901 | Vaults:2 | Identified the ring of Suas {+Blink Will+ Dex+6}
 68006 | Vaults:2 | XOM: confusion (+ monsters)
 68015 | Vaults:2 | XOM: cloud trail
 68202 | Vaults:2 | XOM is BORED!
 68438 | Vaults:3 | Found Asuygo's Armour Boutique.
 68480 | Vaults:3 | Reached skill level 7 in Transmutations
 68567 | Vaults:3 | XOM: 1-stop teleportation journey
 68609 | Vaults:3 | XOM: fog
 68616 | Vaults:3 | XOM: noise
 68621 | Vaults:3 | Reached skill level 8 in Conjurations
 68732 | Vaults:3 | XOM: cast spell 'Death Channel'
 68750 | Vaults:3 | XOM: god gift: scroll of amnesia
 68775 | Vaults:3 | XOM: enchant monster (good)
 68788 | Vaults:3 | XOM: cast spell 'Summon Hydra'
 68795 | Vaults:3 | XOM: chaos upgrade
 69121 | Vaults:3 | XOM: scenery: create altars
 69173 | Vaults:3 | Reached XP level 21. HP: 120/120 MP: 40/40
 69193 | Vaults:3 | Reached skill level 8 in Transmutations
 69270 | Vaults:3 | XOM: potion effect (attraction)
 69344 | Vaults:3 | XOM: 4-stop teleportation journey
 69396 | Vaults:3 | XOM: give mutation
 69396 | Vaults:3 | Gained mutation: You are partially covered in large bone
                  | plates. (SH +4) [Xom's grace]
 69487 | Vaults:3 | XOM: fake destruction
 69511 | Vaults:3 | Reached skill level 9 in Conjurations
 70028 | D:9      | XOM: god gift: glowing hand axe {god gift}
 70214 | Vaults:3 | Identified the +3 buckler of the Arena {Fly Int+5 Dex+5}
 70221 | Vaults:3 | XOM: cast spell 'Summon Small Mammal'
 70223 | Vaults:3 | XOM: polymorph deep troll -> elephant
 70246 | Vaults:3 | Reached skill level 9 in Transmutations
 70528 | Vaults:3 | XOM is BORED!
 70528 | Vaults:3 | XOM: summons 11 hostile demons
 70567 | Vaults:3 | XOM: fog
 70872 | Vaults:4 | XOM: scenery: 1 doors open
 70904 | Vaults:4 | XOM: polymorph deep troll -> shock serpent
 70935 | Vaults:4 | Reached skill level 11 in Translocations
 71148 | Vaults:4 | XOM: cloud trail
 71166 | Vaults:4 | Noticed Saint Roka
 71172 | Vaults:4 | Saint Roka changed into Saint Roka the golden dragon
 71172 | Vaults:4 | Noticed Saint Roka
 71172 | Vaults:4 | XOM: polymorph Saint Roka -> Saint Roka the golden dragon
 71173 | Vaults:4 | Reached skill level 10 in Transmutations
 71176 | Vaults:4 | XOM: scenery: 1 doors open, 1 doors close
 71178 | Vaults:4 | XOM: scenery: 1 doors open, 1 doors close
 71182 | Vaults:4 | Killed Saint Roka the golden dragon
 71189 | Vaults:4 | Reached skill level 10 in Conjurations
 71450 | Vaults:4 | XOM: summons friendly ufetubus
 71456 | Vaults:4 | XOM: scenery: 1 doors close
 71698 | Vaults:4 | XOM: 5-stop teleportation journey
 71839 | Vaults:4 | Reached skill level 12 in Translocations
 71866 | Vaults:4 | Noticed Mara
 71872 | Vaults:4 | Killed Mara
 71933 | Vaults:4 | XOM: give mutations
 71933 | Vaults:4 | Gained mutation: You are strong-willed. (Will+) [Xom's
                  | mischief]
 71933 | Vaults:4 | Lost mutation: You expend magic power (3 MP) to strengthen
                  | your wands. [Xom's mischief]
 71933 | Vaults:4 | Lost mutation: Your mind is very acute. (Int +8, Str/Dex
                  | -2) [Xom's mischief]
 72036 | Vaults:4 | XOM: swap monsters
 72251 | Depths:1 | Entered Level 1 of the Depths
 72279 | Depths:1 | XOM: 2-stop teleportation journey
 72311 | Depths:1 | Noticed a juggernaut
 72313 | Depths:1 | Reached skill level 11 in Transmutations
 72327 | Depths:1 | XOM: polymorph fire giant -> iron troll
 72333 | Depths:1 | Found a gateway to Hell.
 72469 | Depths:1 | Found Fidots's General Store.
 72477 | Depths:1 | Bought 2 potions of curing for 90 gold pieces
 72477 | Depths:1 | Bought a scroll of teleportation for 45 gold pieces
 72477 | Depths:1 | Bought a wand of paralysis (3) for 108 gold pieces
 72477 | Depths:1 | Bought a potion of haste for 150 gold pieces
 72516 | Depths:1 | XOM: polymorph fire dragon -> wolf spider
 72538 | Depths:1 | XOM: cast spell 'Summon Mana Viper'
 72680 | Depths:1 | XOM: swap monsters
 72691 | Depths:1 | Reached skill level 13 in Translocations
 72752 | Depths:1 | XOM: 1-stop teleportation journey
 72785 | Depths:1 | Reached skill level 11 in Conjurations
 72842 | Depths:1 | XOM: cast spell 'Death Channel'
 72861 | Depths:1 | Killed a juggernaut
 72901 | Depths:1 | XOM: polymorph deep troll earth mage -> broodmother
 72950 | Depths:1 | XOM: give mutations
 72950 | Depths:1 | Lost mutation: You are vulnerable to cold. (rC-) [Xom's
                  | mischief]
 72950 | Depths:1 | Gained mutation: Your flesh is cold resistant. (rC+) [Xom's
                  | mischief]
 72950 | Depths:1 | Lost mutation: Your flesh is very heat resistant. (rF++)
                  | [Xom's mischief]
 72960 | Depths:1 | XOM: silly message
 72971 | Depths:1 | XOM: potion effect (haste)
 72980 | Depths:1 | XOM: cast spell 'Summon Mana Viper'
 73025 | Depths:1 | Reached XP level 22. HP: 124/124 MP: 39/41
 73075 | Depths:1 | Found a shimmering blue altar of Sif Muna.
 73075 | Depths:1 | XOM: 4-stop teleportation journey
 73079 | Depths:1 | Found Lisecisu's Changing Room.
 73090 | Depths:1 | Bought a potion of mutation for 168 gold pieces
 73141 | Depths:1 | XOM: chaos cloud
 73211 | Depths:1 | Reached skill level 14 in Translocations
 73283 | Depths:1 | XOM: swap monsters
 73325 | Depths:1 | Reached skill level 12 in Transmutations
 73448 | Depths:1 | XOM: enchant monster (bad)
 73475 | Depths:1 | Found Zitru's Distillery.
 73544 | Depths:1 | XOM: cast spell 'Olgreb's Toxic Radiance'
 73747 | Depths:2 | XOM: noise
 74049 | Depths:2 | Noticed a golden dragon
 74058 | Depths:2 | Noticed a golden dragon
 74059 | Depths:2 | Killed a golden dragon
 74061 | Depths:2 | XOM: summons 11 hostile demons
 74068 | Depths:2 | Killed a golden dragon
 74097 | Depths:1 | XOM: stat loss: -1 Int (16/17)
 74126 | Depths:1 | XOM: torment (115/143 hp)
 74324 | Depths:2 | Found a one-way gate leading to the halls of Pandemonium.
 74324 | Depths:2 | XOM: 1-stop teleportation journey
 74333 | Depths:2 | Identified the +8 shortbow "Zononesk" {flame, Contam rPois
                  | MP+9 Str+8}
 74369 | Depths:2 | XOM: swap monsters
 74374 | Depths:2 | Reached skill level 12 in Conjurations
 74725 | Depths:2 | XOM: give mutations
 74725 | Depths:2 | Gained mutation: Your system is resistant to poisons.
                  | (rPois) [Xom's mischief]
 74725 | Depths:2 | Lost mutation: Your system is resistant to poisons. (rPois)
                  | [Xom's mischief]
 74725 | Depths:2 | Lost mutation: You are partially covered in large bone
                  | plates. (SH +4) [Xom's mischief]
 74725 | Depths:2 | Gained mutation: You have hidden genetic potential. [Xom's
                  | mischief]
 75127 | Depths:2 | Identified the +8 falchion of Juxies {freeze, rPois MP+9
                  | Int+2}
 75127 | Depths:2 | Identified the +0 troll leather armour of Slovenliness
                  | {rElec Will+ Regen+ MP+9 Dex+2}
 75134 | Depths:2 | Learned a level 2 spell: Wereblood
 75246 | Depths:3 | Reached skill level 13 in Transmutations
 75250 | Depths:3 | Found a one-way gate to the infinite horrors of the Abyss.
 75427 | Depths:3 | Noticed a golden dragon
 75438 | Depths:3 | Killed a golden dragon
 75632 | Depths:3 | XOM: give mutation
 75632 | Depths:3 | Lost mutation: Your flesh is cold resistant. (rC+) [Xom's
                  | mischief]
 75795 | Depths:3 | Found a broken altar of Ashenzari.
 75931 | Depths:3 | XOM: give mutation
 75931 | Depths:3 | Lost mutation: You are strong-willed. (Will+) [Xom's
                  | mischief]
 75936 | Depths:3 | XOM: give mutations
 75936 | Depths:3 | Lost mutation: Your flesh is heat resistant. (rF+) [Xom's
                  | mischief]
 75936 | Depths:3 | Gained mutation: You are completely covered in iridescent
                  | scales. (AC +6) [Xom's mischief]
 75940 | Depths:4 | Entered Level 4 of the Depths
 76005 | Depths:4 | XOM: torment (115/143 hp)
 76044 | Depths:4 | XOM: noise
 76048 | Depths:4 | XOM: noise
 76053 | Depths:4 | XOM: cast spell 'Summon Hydra'
 76064 | Depths:4 | XOM: swap monsters
 76080 | Depths:4 | Noticed a golden dragon
 76149 | Depths:4 | XOM: cast spell 'Olgreb's Toxic Radiance'
 76160 | Depths:4 | XOM: potion effect (attraction)
 76168 | Depths:4 | Found a one-way gateway to a ziggurat.
 76180 | Depths:4 | XOM: divination: detect creatures
 76206 | Depths:4 | XOM: divination: detect items
 76213 | Depths:4 | Killed a golden dragon
 76215 | Depths:4 | Reached skill level 14 in Transmutations
 76217 | Depths:4 | Reached skill level 13 in Conjurations
 76398 | Depths:4 | Found a gate to the Realm of Zot.
 76412 | Depths:4 | XOM: cast spell 'Cause Fear'
 77333 | D:15     | XOM: god gift: book of Armaments
 77516 | Vaults:5 | Entered Level 5 of the Vaults
 77517 | Vaults:5 | Noticed Bai Suzhen
 77519 | Vaults:5 | Noticed a dread lich
 77520 | Vaults:5 | XOM: summons 7 friendly demons
 77523 | Vaults:5 | Noticed a golden dragon
 77532 | Vaults:5 | XOM: summons friendly shadow imp
 77539 | Vaults:5 | XOM: confuse monster(s)
 77540 | Vaults:5 | Killed a dread lich
 77556 | Vaults:5 | XOM: divination: detect creatures
 77564 | Vaults:5 | Killed a golden dragon
 77567 | Vaults:5 | XOM: cast spell 'Monstrous Menagerie'
 77577 | Vaults:5 | HP: 5/143 [vault warden/+2 great mace of protection (20)]
 77577 | Vaults:5 | Slain by a storm dragon
 77587 | Vaults:5 | Noticed Mennas
 77591 | Vaults:5 | XOM: divination: magic mapping
 77593 | Vaults:5 | XOM: summons 8 friendly demons
 77594 | Vaults:5 | XOM: confusion
 77608 | Vaults:5 | Killed Mennas
 77628 | Vaults:5 | Found the +3 Mad Mage's Maulers {Infuse+∞ VampMP -Cast}
 77628 | Vaults:5 | XOM: summons 3 friendly demons
 77633 | Vaults:5 | Reached skill level 14 in Conjurations
 77633 | Vaults:5 | XOM: 6-stop teleportation journey
 77652 | Vaults:5 | Reached XP level 23. HP: 72/129 MP: 25/42
 77700 | Vaults:5 | XOM: cloud trail
 77964 | Vaults:5 | XOM: divination: detect creatures
 78011 | Vaults:5 | XOM: potion effect (magic)
 78021 | Vaults:5 | XOM: cast spell 'Summon Ice Beast'
 78026 | Vaults:5 | XOM: cleaving
 78032 | Vaults:5 | Reached skill level 1 in Earth Magic
 78107 | Vaults:5 | XOM: cloud trail
 78140 | Vaults:5 | XOM: smoke on damage
 78146 | Vaults:5 | Reached skill level 2 in Earth Magic
 78161 | Vaults:5 | XOM: 1-stop teleportation journey
 78207 | Vaults:5 | Identified the +3 orcbow "Omiaguuc" {drain, Will+ Stlth+}
 78212 | Vaults:5 | Reached skill level 3 in Earth Magic
 78214 | Vaults:5 | XOM: fake destruction
 78275 | Vaults:5 | Gained mutation: You are very agile. (Dex +8, Str/Int -2)
                  | [hidden potential]
 78306 | Vaults:5 | XOM: 1-stop teleportation journey
 78362 | Vaults:5 | XOM: summons friendly crimson imp
 78372 | Vaults:4 | XOM: fog
 78384 | Vaults:4 | Reached skill level 4 in Earth Magic
 78437 | Vaults:5 | XOM: scenery: create altars
 78504 | Vaults:5 | XOM: summons 12 friendly demons
 78506 | Vaults:5 | XOM: blink monster(s)
 78507 | Vaults:5 | Reached skill level 11 in Ice Magic
 78521 | Vaults:5 | XOM: fog
 78535 | Vaults:5 | XOM: divination: detect creatures
 78538 | Vaults:5 | XOM: enchant monster (good)
 78555 | Vaults:5 | Reached skill level 5 in Earth Magic
 78596 | Vaults:5 | XOM: cleaving
 78611 | Vaults:5 | XOM: summons 13 friendly demons
 78714 | Vaults:5 | Noticed a dread lich
 78715 | Vaults:5 | XOM: cast spell 'Disjunction'
 78721 | Vaults:5 | XOM: 4-stop teleportation journey
 78831 | Vaults:5 | Identified the +1 mace of Gravity {freeze, rElec rPois rC-
                  | Int+5}
 78856 | Vaults:5 | Killed a dread lich
 78857 | Vaults:5 | Reached skill level 6 in Earth Magic
 78862 | Vaults:5 | Killed Bai Suzhen
 78869 | Vaults:5 | Identified the +6 shortbow "Leklegra" {flame, Dex+2}
 79091 | Vaults:5 | XOM: swap monsters
 79093 | Vaults:5 | Reached skill level 12 in Ice Magic
 79153 | Vaults:5 | XOM: repel stairs
 79179 | Vaults:5 | Reached skill level 7 in Earth Magic
 79281 | Vaults:5 | Found the -2 hat of the Alchemist {rElec rPois rF+ rC+ rN+
                  | Will+ rMut rCorr}
 79499 | Vaults:5 | Identified the +8 plate armour "Nygaot" {+Inv Int+2 Stlth+}
 79523 | Vaults:5 | XOM: give mutations
 79523 | Vaults:5 | Gained mutation: You are weak. (Str -2) [Xom's mischief]
 79523 | Vaults:5 | Lost mutation: You have hidden genetic potential. [Xom's
                  | mischief]
 79550 | Vaults:5 | Found the +0 mask of the Dragon {Will+ Slay+3 SInv}
 79607 | Vaults:5 | Got a silver rune of Zot
 79680 | Vaults:5 | Learned a level 4 spell: Petrify
 79955 | Zot:1    | Entered Level 1 of the Realm of Zot
 79994 | Zot:2    | Noticed an orb of fire
 80019 | Zot:2    | Killed an orb of fire
 80026 | Zot:2    | XOM: confusion (+ monsters)
 80029 | Zot:2    | XOM: blink monster(s)
 80086 | Zot:2    | XOM: chaos cloud
 80096 | Zot:2    | XOM: torment (107/149 hp)
 80237 | Zot:2    | XOM: blink monster(s)
 80242 | Zot:2    | XOM: give mutations
 80242 | Zot:2    | Gained mutation: Your mind is very acute. (Int +8, Str/Dex
                  | -2) [Xom's mischief]
 80242 | Zot:2    | Gained mutation: You are vulnerable to heat. (rF-) [Xom's
                  | mischief]
 80242 | Zot:2    | Lost mutation: You are vulnerable to heat. (rF-) [Xom's
                  | mischief]
 80242 | Zot:2    | Lost mutation: Your mind is very acute. (Int +8, Str/Dex
                  | -2) [Xom's mischief]
 80380 | Zot:2    | XOM: give mutations
 80380 | Zot:2    | Lost mutation: You are very robust. (+20% HP) [Xom's
                  | mischief]
 80380 | Zot:2    | Lost mutation: You are weak. (Str -2) [Xom's mischief]
 80380 | Zot:2    | Gained mutation: You occasionally lose the ability to drink
                  | potions when taking damage. [Xom's mischief]
 80380 | Zot:2    | Gained mutation: Your system is resistant to poisons.
                  | (rPois) [Xom's mischief]
 80407 | Zot:2    | Reached skill level 8 in Earth Magic
 80407 | Zot:2    | XOM: draining
 80467 | Zot:1    | XOM: summons 10 hostile demons
 80514 | Zot:2    | Reached XP level 24. HP: 123/123 MP: 18/42
 80574 | Zot:1    | Reached skill level 13 in Ice Magic
 80684 | Zot:2    | XOM: summons 11 hostile demons
 80706 | Zot:2    | XOM: 3-stop teleportation journey
 80839 | Zot:2    | XOM: summons 3 hostile demons
 81004 | Zot:2    | XOM: draining
 81122 | Zot:3    | XOM: polymorph storm dragon -> azure jelly
 81126 | Zot:3    | XOM: 2-stop teleportation journey
 81132 | Zot:3    | XOM: blink monster(s)
 81141 | Zot:3    | HP: 5/138 [yellow draconian/glob of acid (16)]
 81142 | Zot:3    | Splashed by a yellow draconian's acid
 81143 | Zot:3    | Reached skill level 9 in Earth Magic
 81313 | Zot:1    | XOM: enchant monster (bad)
 81563 | Vaults:2 | XOM: stat loss: -1 Int (15/16)
 81573 | Crypt:1  | Entered Level 1 of the Crypt
 81711 | Crypt:1  | Noticed Margery
 81735 | Crypt:1  | Killed Margery
 81971 | Crypt:1  | Identified the staff of Geaghade {+Blink rC+ Str-2 SInv
                  | Stlth+ Ice}
 81971 | Crypt:1  | Identified the ring "Ameyllot" {Ice Int+2 Dex+5}
 81971 | Crypt:1  | Noticed Josephina
 81971 | Crypt:1  | XOM: smoke on damage
 82156 | Crypt:1  | XOM: 5-stop teleportation journey
 82190 | Crypt:1  | Killed Josephina
 82200 | Crypt:1  | XOM: 1-stop teleportation journey
 82213 | Crypt:1  | XOM: scenery: create altars
 82414 | Crypt:1  | Reached skill level 10 in Earth Magic
 82415 | Crypt:1  | XOM: confusion
 82491 | Crypt:1  | XOM: fake destruction
 82501 | Crypt:1  | Reached skill level 14 in Ice Magic
 82530 | Crypt:1  | XOM: god gift: halberd {god gift}
 82630 | Crypt:1  | Noticed Zenata
 82644 | Crypt:1  | Killed Zenata
 82644 | Crypt:1  | XOM: cloud trail
 82905 | Crypt:2  | XOM: confusion (+ monsters)
 82989 | Crypt:2  | XOM: noise
 83240 | Crypt:2  | Noticed Frederick
 83265 | Crypt:2  | Killed Frederick
 83308 | Crypt:2  | XOM: noise
 83543 | Crypt:3  | Entered Level 3 of the Crypt
 83547 | Crypt:3  | XOM: silly message
 83565 | Crypt:2  | Reached skill level 11 in Earth Magic
 83663 | Crypt:3  | XOM: silly message
 83776 | Crypt:3  | XOM: potion effect (might)
 83902 | Crypt:3  | XOM: potion effect (haste)
 83968 | Crypt:3  | XOM: silly message
 83988 | Crypt:3  | XOM: potion effect (magic)
 83992 | Crypt:3  | XOM: potion effect (curing)
 83998 | Crypt:3  | XOM: silly message
 84020 | Crypt:3  | XOM: potion effect (berserk rage)
 84036 | Crypt:3  | XOM: potion effect (curing)
 84044 | Crypt:3  | Reached skill level 12 in Earth Magic
 84169 | Crypt:3  | Found a staircase to the Tomb.
 84267 | Crypt:3  | XOM: noise
 84327 | Crypt:3  | XOM: potion effect (attraction)
 84499 | Crypt:3  | Identified the +2 sling of Tenacity {antimagic, rF- Dex+7}
 84629 | Crypt:3  | XOM: god gift: robe {god gift}
 84716 | Crypt:3  | Reached skill level 13 in Earth Magic
 84778 | Crypt:3  | XOM: cleaving
 84779 | Crypt:3  | XOM: enchant monster (good)
 84958 | Crypt:3  | XOM: cleaving
 84975 | Crypt:3  | XOM: cleaving
 84978 | Crypt:3  | Reached XP level 25. HP: 125/125 MP: 34/42
 85109 | Crypt:3  | XOM: give mutation
 85109 | Crypt:3  | Gained mutation: You have a pair of small antennae on your
                  | head. [Xom's grace]
 85408 | Crypt:3  | Learned a level 6 spell: Dispersal
 85413 | Crypt:3  | Learned a level 4 spell: Vhi's Electric Charge
 85701 | D:15     | XOM: noise
 85851 | Zot:3    | Reached skill level 14 in Earth Magic
 85878 | Zot:4    | Reached skill level 1 in Air Magic
 85899 | Zot:4    | Reached skill level 2 in Air Magic
 85918 | Zot:4    | XOM: cast spell 'Monstrous Menagerie'
 85978 | Zot:4    | XOM: confuse monster(s)
 85997 | Zot:4    | Reached skill level 3 in Air Magic
 86016 | Zot:5    | Entered Level 5 of the Realm of Zot
 86079 | Zot:5    | XOM: summons friendly iron imp
 86287 | Zot:5    | Noticed an orb of fire
 86287 | Zot:5    | Noticed an ancient lich
 86287 | Zot:5    | XOM: 1-stop teleportation journey
 86289 | Zot:5    | Noticed a dread lich
 86290 | Zot:5    | Noticed a Killer Klown
 86290 | Zot:5    | Noticed an orb of fire
 86290 | Zot:5    | Noticed a Killer Klown
 86298 | Zot:5    | Got the Orb of Zot
 86298 | Zot:5    | Noticed an orb of fire
 86298 | Zot:5    | Noticed an ancient lich
 86298 | Zot:5    | Noticed a Killer Klown
 86298 | Zot:5    | Noticed an ancient lich
 86298 | Zot:5    | Noticed an ancient lich
 86298 | Zot:5    | Noticed an ancient lich
 86298 | Zot:5    | XOM: 8-stop teleportation journey
 86308 | Zot:5    | XOM: cloud trail
 86531 | D:11     | Reached skill level 4 in Air Magic
 86573 | D:8      | XOM: give mutations
 86573 | D:8      | Gained mutation: Your mind is very acute. (Int +8, Str/Dex
                  | -2) [Xom's grace]
 86573 | D:8      | Gained mutation: You expend magic power (3 MP) to
                  | strengthen your wands. [Xom's grace]
 86611 | D:5      | Noticed Fois the pandemonium lord
 86694 | D:$      | Escaped with the Orb!

Illustrated notes

Levels and vault maps discovered:
D:1:      amcnicky_arrival_flooded_fountain, layout_rooms, st_stairs_4
D:2:      layout_loops_corners, serial_aquarium, aquarium_bridge_long_separate
          [aquarium_subvault_wall, aquarium_subvault_wall,
          aquarium_subvault_bridge, aquarium_subvault_bridge,
          aquarium_subvault_wall, aquarium_subvault_wall], aquarium_window_3,
          aquarium_window_1, aquarium_window_fake, aquarium_view_4,
          chequers_avenue
D:3:      layout_rooms, overflow_temple_1_default, serial_shops,
          nicolae_book_shop_shelving, minmay_misc_feat_encased
D:4:      layout_rooms, minmay_overflow_temple_star_hex, bloody_trog, tgw_xom,
          hangedman_feature_mirror, interstate_on_off, uniq_duvessa
D:5:      layout_rooms, gup_sewer_entry_bubbles, minmay_misc_feat_five,
          st_stairs_11, minivault_23, uniq_blork_the_orc,
          uniq_crazy_yiuf_cottage
D:6:      layout_rooms, nicolae_gozag_cash_rules_everything_around_me,
          serial_shops, nicolae_shop_stone
D:7:      layout_basic, minmay_temple_entry_ruins, gammafunk_ghost_necromancy,
          kennysheep_small_circle
D:8:      layout_gridville, zin_academy, enter_ossuary_2, serial_shops, shop,
          amethyst_killhole
D:9:      layout_cave_pools, pdpol_wu_jian_five_deadly_venoms,
          dpeg_oklobed_lair, kennysheep_orc_monster_closet_entryway,
          gammafunk_ghost_hive, enter_bailey_5, uniq_grum
D:10:     kennysheep_blocky_hall, layout_loops_corners,
          serial_library_hellmonk_junction, uniq_fannar
D:11:     layout_basic
D:12:     layout_rooms, fungi_pond_lemuel
D:13:     minmay_stone_box, layout_cave_pools, hellmonk_vaults_order_and_chaos,
          okawaru_altar_gauntlet_db, uniq_azrael, uniq_sonja
D:14:     layout_loops_ring, uniq_frances
D:15:     hangedman_depths_entry_try_elsewhere_first, layout_long_grid,
          corexii_corridor_pit
Lair:1:   layout_regular_city, serial_bayou_shore_a, grunt_megastairs_4,
          uniq_harold
Lair:2:   layout_cave_pods, portal_ice_cave_demonic_guard, serial_bayou_shore_b,
          grunt_megastairs_1, lemuel_fruit_tree
Lair:3:   layout_cave_shapes, elwin_shoals_entry_stream,
          minmay_snake_entry_six_corridors, nicolae_volcano_entry_vermiform,
          pf_torpor_hydra, infiniplex_staircase_pool, uniq_gastronok
Lair:4:   layout_roguey, minmay_slime_entry_oklob_enclosed, serial_rivers,
          chequers_serial_rivers_small_b, chequers_serial_rivers_micro_d,
          chequers_serial_rivers_micro_d, chequers_serial_rivers_room_a,
          chequers_serial_rivers_room_a
Lair:5:   wormcave, layout_cave_pods, hangedman_lair_in_review,
          patterned_corridor
Shoals:1: layout_shoals
Shoals:2: layout_shoals, uniq_ilsuiw
Shoals:3: layout_shoals, serial_shops, nicolae_shop_hallway_plus,
          uniq_polyphemus
Shoals:4: shoals_end_grunt_garden, layout_shoals
Snake:1:  layout_rooms, basic_altar, minmay_shoptagon, uniq_donald
Snake:2:  layout_concentric_octagons, serial_bayou_shore_b
Snake:3:  layout_layer_cave, minmay_shop_star
Snake:4:  johnstein_snake_rune_scales, layout_gridlike, nicolae_shop_self_help
Orc:1:    layout_diamond_mine, serial_shops, nicolae_shop_stone, basic_altar,
          uniq_erolcha
Orc:2:    grunt_orc_tribal_feast, layout_diamond_mine, basic_altar,
          special_room, mines_bat_river
Elf:1:    layout_rooms, serial_shops, shop, minivault_28, uniq_kirke
Elf:2:    nicolae_elf_blades_crystal_corner, layout_geoelf_octagon
Elf:3:    minmay_elf_hall_not_hex, layout_geoelf_octagon, uniq_norris
Vaults:1: gammafunk_ghost_mausoleum, nicolae_vaults_specimen_jars, v_pattern_2,
          nicolae_vaults_doubleplus_tesselated, vaults_room_pools,
          hangedman_vaults_nails, vaults_room_stairs_pillars,
          nicolae_vaults_closet_pinwheel_1, nicolae_vaults_variable_pillar_hall,
          nicolae_vaults_surprise_closet, vaults_room_pool,
          ontoclasm_vaults_ligature, layout_vaults_ring, uniq_aizul
Vaults:2: vaults_mumra_minichess, minmay_crypt_entry_simple_box,
          v_alt_pattern_3, nicolae_vaults_circle_grid_b,
          nicolae_vaults_storage_closets_3, nicolae_vaults_whirlpool_walls,
          v_rooms_6, vaults_mumra_chevron_long,
          nicolae_vaults_closet_pinwheel_3,
          vaults_standard_mumra_enter_the_diamond,
          nicolae_vaults_layer_cake_slice, nicolae_vaults_network_square,
          layout_vaults_maze_snakey, uniq_boris
Vaults:3: v_pattern_5, vaults_room_fours, nicolae_vaults_storage_room_doors,
          special_room_vaults [special_room_orc], nicolae_vaults_octothorpe,
          hangedman_vaults_stretched_pinwheel, ontoclasm_vaults_chip,
          nicolae_vaults_trapezoid_lopsided_1, nicolae_vaults_yaktaur_gun_rack,
          layout_vaults_omnigrid, serial_shops, shop
Vaults:4: nicolae_vaults_tangram_1, grunt_vaults_hallway_long,
          nicolae_vaults_little_ls, nicolae_vaults_ring_of_whatevers,
          nicolae_vaults_more_shelving_1, vaults_mumra_minichess_inversion,
          ontoclasm_vaults_ring_square, v_misc_26, ontoclasm_vaults_spin,
          nicolae_vaults_spaceships, nicolae_vaults_offset_grid_hallway_2,
          nicolae_vaults_network_quinsquares
          [nicolae_vaults_network_quincunx_subvault,
          nicolae_vaults_network_quincunx_subvault,
          nicolae_vaults_network_quincunx_subvault,
          nicolae_vaults_network_quincunx_subvault], nicolae_vaults_apartment_1,
          nicolae_vaults_circle_grid_b, layout_vaults_omnibox, uniq_saint_roka,
          uniq_mara
Vaults:5: serial_shops, uniq_bai_suzhen, uniq_mennas
Crypt:1:  layout_basic, uniq_josephina, uniq_zenata, uniq_margery
Crypt:2:  layout_rooms, uniq_frederick
Crypt:3:  due_elkab, layout_chaotic_city
Depths:1: minmay_concentric_multi, layout_basic, serial_shops, shop, shop,
          old_standard_altar, hangedman_coc_ice_floe,
          nicolae_transmutations_shop, chequers_decorated_corner,
          minmay_misc_feat_chi, kilobyte_rumbling_trees
Depths:2: minmay_the_grid_triangle_9x9_recursive_2
          [minmay_the_grid_triangle_9x9_prize_top_heavy,
          minmay_the_grid_triangle_9x9_windchime,
          minmay_the_grid_triangle_9x9_pentomino_pain,
          minmay_the_grid_triangle_9x9_dagger], layout_basic,
          grunt_hell_entry_dis_old, amcnicky_mini_rare_corridor_liquid,
          grunt_pan_entry_in_and_out
Depths:3: hellmonk_crumbling_castle, layout_gridville, hangedman_geh_valley,
          abyss_entry_glasseish, ashenzari_altar_1
Depths:4: evilmike_zot_entry_diamond, layout_basic, enter_ziggurat_e,
          glass_columns_a, hell_entry, grunt_megastairs_3
Zot:1:    layout_cathedral_of_symmetry, regret_index_zot_stipple_split,
          st_single_dragon_hoard_2
Zot:2:    layout_misc_corridors
Zot:3:    layout_gridlike, regret_index_zotdec_wing_it, grunt_ministairs_10
Zot:4:    layout_concentric_octagons, gammafunk_ghost_cemetery,
          st_single_dragon_hoard_3
Zot:5:    layout_gridlike

Skill      XL: |  1  2  3  4  5  6  7  8  9 10 11 12 13 14 15 16 17 18 19 20 21 22 23 24 25 |
---------------+----------------------------------------------------------------------------+-----
Stealth        | 2 3 4 5 6 9 10 14 | 14.9
Dodging        | 4 5 6 8 10 11 12 14 | 14.9
Spellcasting   | 1 2 3 10 14 | 14.9
Conjurations   | 1 3 4 5 8 11 14 | 14.9
Fighting       | 4 5 7 9 10 12 14 | 14.9
Evocations     | 2 3 4 6 9 11 13 14 | 14.9
Shapeshifting  | 3 5 8 10 11 13 14 | 14.9
Unarmed Combat | 5 8 10 11 13 14 | 14.9
Translocations | 4 5 7 10 13 14 | 14.9
Ice Magic      | 3 7 8 9 10 12 14 | 14.9
Transmutations | 7 11 14 | 14.9
Earth Magic    | 8 13 14 | 14.0
Air Magic      | 4 |  4.4

Action                     |  1- 3 |  4- 6 |  7- 9 | 10-12 | 13-15 | 16-18 | 19-21 | 22-24 | 25-27 || total
---------------------------+-------+-------+-------+-------+-------+-------+-------+-------+-------++-------
  Melee: Unarmed           |   151 |   198 |   100 |   600 |  1411 |  1661 |  1730 |  2357 |   149 ||  8357
         Punch             |     6 |     4 |     4 |    37 |   156 |   185 |   218 |   385 |    25 ||  1020
         Bite              |    14 |    11 |     6 |    94 |   223 |   257 |   323 |   507 |    23 ||  1458
         Headbutt          |       |       |       |   136 |   395 |   436 |   214 |       |       ||  1181
         Maw               |       |       |       |   164 |   580 |   600 |   463 |       |       ||  1807
   Cast: Searing Ray       |       |    20 |   100 |    69 |     2 |       |       |       |       ||   191
         Ozocubu's Armour  |       |       |       |    24 |   120 |   139 |    76 |    51 |     3 ||   413
         Manifold Assault  |       |       |       |       |    84 |   180 |   134 |    76 |     7 ||   481
         Apportation       |       |       |       |       |     1 |       |       |     1 |     1 ||     3
         Blink             |       |       |       |       |     1 |     3 |     5 |     3 |       ||    12
         Lesser Beckoning  |       |       |       |       |       |   112 |    37 |    30 |       ||   179
         Irradiate         |       |       |       |       |       |       |     9 |    67 |     5 ||    81
         Wereblood         |       |       |       |       |       |       |       |     7 |       ||     7
         Passwall          |       |       |       |       |       |       |       |     2 |     1 ||     3
         Vhi's Electric Ch |       |       |       |       |       |       |       |       |     3 ||     3
  Evoke: Wand              |       |       |     3 |     7 |    20 |    24 |     8 |     8 |     2 ||    72
         Tin of tremorston |       |       |       |       |     4 |     7 |     7 |     4 |       ||    22
         Phantom mirror    |       |       |       |       |     1 |     4 |     4 |     3 |       ||    12
         Box of beasts     |       |       |       |       |     1 |     3 |     3 |     4 |       ||    11
         Phial of floods   |       |       |       |       |     1 |       |       |     1 |       ||     2
         Lightning rod     |       |       |       |       |       |    20 |     9 |       |       ||    29
    Use: Scroll            |     1 |     6 |    11 |     4 |     8 |     3 |     3 |    11 |     7 ||    54
         Potion            |     1 |       |     6 |     1 |     5 |     9 |     6 |    11 |     3 ||    42
   Stab: Sleeping          |     8 |     8 |     1 |    14 |    44 |    38 |    52 |    33 |     4 ||   202
         Paralysed         |       |       |     2 |     5 |     2 |       |     1 |     2 |       ||    12
         Confused          |       |       |     1 |     5 |     4 |     3 |     5 |     8 |     1 ||    27
         Invisible         |       |       |       |     6 |     7 |       |       |       |       ||    13
         Distracted        |       |       |       |     2 |     4 |     8 |     8 |    17 |       ||    39
         Petrified         |       |       |       |       |     1 |     2 |       |       |       ||     3
 Armour: Skin              |    25 |    52 |    54 |   175 |   329 |   362 |   540 |  1260 |    90 ||  2887
  Dodge: Dodged            |   106 |   260 |   247 |   563 |  1141 |  1470 |  2306 |  5277 |   420 || 11790
  Block: Other             |       |       |     6 |   144 |   244 |   286 |   370 |    77 |       ||  1127
         Reflection        |       |       |       |     2 |     5 |    28 |    15 |       |       ||    50
   Form: Maw               |       |       |       |     1 |       |     1 |     1 |       |       ||     3
         Blade             |       |       |       |       |       |     1 |       |       |       ||     1
         Dragon            |       |       |       |       |       |       |     1 |       |       ||     1
         Statue            |       |       |       |       |       |       |     1 |       |       ||     1

Table legend: (Time is in decaauts)
 A = Elapsed time spent in this place.
 B = Non-inter-level travel time spent in this place.
 C = Inter-level travel time spent in this place.
 D = Time resting spent in this place.
 E = Time spent auto-exploring this place.
 F = Levels seen in this place.
 G = Mean time per level.
                   A        B        C        D        E       F      G
               +--------+--------+--------+--------+--------+-----+--------+
         Total |  87655 |  80178 |   7477 |  23083 |  36744 |  55 | 1593.7 |
       Dungeon |  19084 |  16518 |   2566 |   3864 |   8443 |  15 | 1272.3 |
          Lair |  11675 |  10724 |    951 |   4223 |   3926 |   5 | 2335.0 |
        Shoals |   9382 |   9042 |    340 |   4698 |   2839 |   4 | 2345.5 |
     Snake Pit |   7991 |   7710 |    281 |   2742 |   3233 |   4 | 1997.8 |
  Orcish Mines |   3078 |   2736 |    342 |    737 |   1324 |   2 | 1539.0 |
   Elven Halls |   6929 |   6531 |    398 |   3188 |   2151 |   3 | 2309.7 |
        Vaults |  11960 |  10791 |   1169 |   1522 |   6254 |   5 | 2392.0 |
         Crypt |   5285 |   5038 |    247 |    348 |   2794 |   3 | 1761.7 |
        Depths |   7679 |   6857 |    822 |    548 |   4671 |   4 | 1919.8 |
           Zot |   2862 |   2506 |    356 |    833 |    643 |   5 |  572.4 |
         Abyss |    638 |    638 |      0 |    191 |      0 |   2 |  319.0 |
         Sewer |    592 |    592 |      0 |      0 |    326 |   1 |  592.0 |
       Ossuary |    486 |    486 |      0 |    185 |    136 |   1 |  486.0 |
        Bailey |      9 |      9 |      0 |      0 |      0 |   1 |    9.0 |
               +--------+--------+--------+--------+--------+-----+--------+

Top non-repeatable levels by time:
   Elf:3: 4011 daAuts
Shoals:3: 3418 daAuts
  Lair:3: 3258 daAuts
  Lair:5: 3223 daAuts
 Snake:4: 2910 daAuts
Vaults:5: 2774 daAuts
 Crypt:3: 2584 daAuts
 Snake:3: 2541 daAuts
Vaults:2: 2432 daAuts
Shoals:1: 2353 daAuts
    D:10: 2336 daAuts
Vaults:1: 2287 daAuts
Depths:1: 2270 daAuts
Vaults:3: 2240 daAuts
   Orc:2: 2226 daAuts

Table legend:
 A = Kills in this place as a percentage of kills in the entire game.
 B = Kills by you in this place as a percentage of kills by you in the entire game.
 C = Kills by friends in this place as a percentage of kills by friends in the entire game.
 D = Other kills in this place as a percentage of other kills in the entire game.
 E = Experience gained in this place as a percentage of experience gained in the entire game.
 F = Experience gained in this place divided by the number of levels of this place that you have seen.
                   A       B       C       D       E      F
               +-------+-------+-------+-------+-------+----------------------
         Total | 100.0 | 100.0 | 100.0 | 100.0 | 100.0 | 21362.8
       Dungeon |  19.0 |  19.3 |   5.1 |  19.0 |   5.7 | 4481.1
          Lair |  10.9 |  10.9 |   7.7 |   9.5 |   6.2 | 14685.0
        Shoals |   6.1 |   6.0 |  15.4 |   0.0 |   5.9 | 17393.8
     Snake Pit |   9.7 |   9.5 |  15.4 |  19.0 |   9.7 | 28599.8
  Orcish Mines |   4.1 |   4.2 |   0.0 |   4.8 |   1.2 | 7200.5
   Elven Halls |   8.0 |   7.9 |  12.8 |   4.8 |  10.7 | 41819.0
        Vaults |  18.7 |  18.5 |  38.5 |   4.8 |  27.8 | 65256.4
         Crypt |   9.5 |   9.6 |   2.6 |   9.5 |  12.1 | 47336.3
        Depths |   7.1 |   7.2 |   2.6 |   9.5 |  12.8 | 37566.0
           Zot |   2.7 |   2.6 |   0.0 |  14.3 |   6.3 | 14891.8
         Abyss |   1.7 |   1.7 |   0.0 |   4.8 |   1.5 | 8566.0
         Sewer |   1.7 |   1.8 |   0.0 |   0.0 |   0.0 | 176.0
       Ossuary |   0.7 |   0.7 |   0.0 |   0.0 |   0.0 | 156.0
               +-------+-------+-------+-------+-------+----------------------
